 Dungeon Crawl Stone Soup version 0.31.0-11-ge490571c62 (webtiles) character file.

Game seed: 14949048177233016820

17440704 Valamore the Minotaur Ballista (level 27, 273/273 HPs)
             Began as a Minotaur Fighter on Feb 3, 2024.
             Was a High Priest of the Shining One.
             Escaped with the Orb
             ... and 15 runes on Feb 4, 2024!
             The game lasted 03:07:55 (88948 turns).

Valamore the Minotaur Ballista (Minotaur Fighter)  Turns: 88948, Time: 03:07:56

Health: 273/273    AC: 52    Str: 35    XL:     27
Magic:  48/48      EV: 24    Int:  8    God:    the Shining One [*****.]
Gold:   5079       SH: 32    Dex: 14    Spells: 26/26 levels left

rFire   + + +        I - +9 broad axe (spect)
rCold   + + +        n - +2 tower shield {AC+3}
rNeg    + + +        E - +11 gold dragon scales "Daatrus" {rPois rF+ rC+ Will+ Int+3}
rPois   +            (helmet restricted)
rElec   +            j - +2 cloak {Will+}
rCorr   +            G - -1 pair of gloves "Tiumnym" {-Cast rN+++ Regen+ Dex+3}
SInv    .            M - +2 pair of boots of Bafoog {rElec rC++ Str+5}
Will    +++++        O - amulet "Okhlumna" {Reflect rElec rCorr Dex-2 SH+5}
Stlth   x              - ring of the Magpie {rElec rF+ EV+5}
HPRegen 1.45/turn    L - ring "Tobyceiw" {+Blink rF+ MP+9}
MPRegen 0.31/turn

%: no spellcasting, reflection
@: glowing, studying 5 skills
A: horns 2, retaliatory headbutt, talons 1, iridescent scales 1, strong-willed
1, passive freeze, weak 1, MP-powered wands
0: Orb of Zot
}: 15/15 runes: decaying, serpentine, slimy, silver, golden, iron, obsidian,
icy, bone, abyssal, demonic, glowing, magical, fiery, dark
a: Renounce Religion, Evoke Blink, Divine Shield, Cleansing Flame, Summon Divine
Warrior


You escaped.
You worshipped the Shining One.
The Shining One was extremely pleased with you.
You visited 18 branches of the dungeon, and saw 88 of its levels.
You visited Pandemonium 1 time, and saw 16 of its levels.
You visited the Abyss 4 times.
You visited 1 bazaar.
You visited 1 ziggurat, and saw 20 of its levels.
You also visited: Sewer.

You collected 13987 gold pieces.
You spent 8908 gold pieces at shops.

Inventory:

Hand Weapons
 I - a +9 spectral broad axe (weapon)
 R - the +8 frozen axe "Frostbite" {freeze, freezing cloud, *Noise Fly rC+}
   (You acquired it on level 2 of the Realm of Zot)

   rC+:       It protects you from cold.
   Fly:       It grants you flight.
   *Noise:    It may make a loud noise when swung.
 X - a +9 broad axe of holy wrath
Missiles
 b - 11 silver javelins (quivered)
 d - 2 throwing nets
 e - 17 curare-tipped darts
 i - 34 javelins
 Q - 38 boomerangs
Armour
 j - a +2 cloak of willpower (worn)
 n - a +2 tower shield of protection (worn)
 A - a +2 pair of gloves of hurling
 E - the +11 gold dragon scales "Daatrus" (worn) {rPois rF+ rC+ Will+ Int+3}
   (You bought it in a shop on level 2 of the Orcish Mines)

   Int+3:     It affects your intelligence (+3).
   rF+:       It protects you from fire.
   rC+:       It protects you from cold.
   rPois:     It protects you from poison Will+: It increases your willpower.
 F - a scarf of resistance
 G - the -1 pair of gloves "Tiumnym" (worn) {-Cast rN+++ Regen+ Dex+3}
   (You found it on level 3 of the Tomb of the Ancients)

   Dex+3:     It affects your dexterity (+3).
   rN+++:     It renders you almost immune to negative energy.
   -Cast:     It prevents spellcasting.
   Regen+:    It increases your rate of health regeneration.
 M - the +2 pair of boots of Bafoog (worn) {rElec rC++ Str+5}
   (You acquired it on level 4 of the Realm of Zot)

   Str+5:     It affects your strength (+5).
   rC++:      It greatly protects you from cold.
   rElec:     It insulates you from electricity.
Jewellery
 x - the ring of the Magpie (left hand) {rElec rF+ EV+5}
   (You bought it in a shop on level 3 of the Depths)

   [ring of evasion]

   EV+5:      It affects your evasion (+5).
   rF+:       It protects you from fire.
   rElec:     It insulates you from electricity.
 y - the ring "Coix" {*Corrode Fly rPois AC+4 Int+3}
   (You found it on level 10 of a ziggurat)

   [ring of protection]

   AC+4:      It affects your AC (+4).
   Int+3:     It affects your intelligence (+3).
   rPois:     It protects you from poison Fly: It grants you flight.
   *Corrode:  It may corrode you when you take damage.
 H - the ring of the Nightingale {rElec Str+7 SInv}
   (You found it on level 5 of the Pits of Slime)

   [ring of see invisible]

   Str+7:     It affects your strength (+7).
   rElec:     It insulates you from electricity.
   SInv:      It lets you see invisible.
 K - the ring of Inipamex {rC+ Int+3}
   (You found it on level 5 of the Vaults)

   [ring of protection from cold]

   Int+3:     It affects your intelligence (+3).
   rC+:       It protects you from cold.
 L - the ring "Tobyceiw" (right hand) {+Blink rF+ MP+9}
   (You found it on level 1 of the Depths)

   [ring of magical power]

   rF+:       It protects you from fire.
   MP+9:      It affects your magic capacity (+9).
   +Blink:    It lets you blink.
 O - the amulet "Okhlumna" (around neck) {Reflect rElec rCorr Dex-2 SH+5}
   (You took it off a deep elf elementalist on level 3 of the Elven Halls)

   [amulet of reflection]

   Reflect:   It reflects blocked missile attacks.
   Dex-2:     It affects your dexterity (-2).
   rElec:     It insulates you from electricity.
   rCorr:     It protects you from acid and corrosion.
   SH+5:      It affects your SH (+5).
 T - the ring "Igoplyph" {Ice ^Drain rN++ Will++}
   (You acquired it on level 1 of the Depths)

   [ring of ice]

   Ice:       It enhances your ice magic.
   rF-:       It makes you vulnerable to fire.
   rC+:       It protects you from cold.
   rN++:      It greatly protects you from negative energy.
   Will++:    It greatly increases your willpower.
   ^Drain:    It drains your maximum health when unequipped.
 V - the ring "Umoneruf" {rPois MP+9 Int+7 Dex+2 Slay+3}
   (You found it on level 3 of the Vaults)

   [ring of magical power]

   Int+7:     It affects your intelligence (+7).
   Dex+2:     It affects your dexterity (+2).
   Slay+3:    It affects your accuracy & damage with ranged weapons and melee
   (+3).
   rPois:     It protects you from poison MP+9: It affects your magic capacity
   (+9).
Wands
 o - a wand of quicksilver (66)
 v - a wand of digging (44)
 N - a wand of roots (115)
Scrolls
 a - 4 scrolls of butterflies
 f - 10 scrolls of immolation
 t - 25 scrolls of teleportation
 z - a scroll of blinking
 B - 6 scrolls of fog
 U - 14 scrolls of fear
 Y - 2 scrolls of revelation
Potions
 g - 13 potions of enlightenment
 h - 13 potions of haste
 k - 4 potions of berserk rage
 l - 17 potions of curing
 m - 6 potions of might
 p - 8 potions of cancellation
 q - 7 potions of magic
 r - 5 potions of resistance
 u - 6 potions of mutation
 w - 4 potions of heal wounds
 C - 3 potions of invisibility
 D - 9 potions of ambrosia
 P - 5 potions of attraction
 W - 6 potions of lignification
Miscellaneous
 c - a condenser vane
 s - a box of beasts
 J - a phial of floods
 S - a lightning rod (4/4)
 Z - a phantom mirror


   Skills:
 O Level 27 Fighting
 O Level 27 Axes
 O Level 27 Throwing
 O Level 27 Armour
 O Level 27 Dodging
 * Level 9.5 Stealth
 O Level 27 Shields
 * Level 12.3 Unarmed Combat
 O Level 27 Invocations
 O Level 27 Evocations


You had 26 spell levels left.
You didn't know any spells.
Your spell library contained the following spells:

 Spells                   Type           Power      Damage    Failure   Level
 Apportation              Tloc           0%         N/A       88%         1
 Foxfire                  Conj/Fire      0%         2x1d4     88%         1
 Freeze                   Ice            0%         1d3       88%         1
 Kiss of Death            Conj/Necr      0%         2d5       88%         1
 Magic Dart               Conj           0%         1d3       88%         1
 Sandblast                Erth           0%         2d4       88%         1
 Shock                    Conj/Air       0%         1d3       88%         1
 Sting                    Conj/Alch      0%         1d3       88%         1
 Summon Small Mammal      Summ           0%         N/A       88%         1
 Blink                    Tloc           0%         N/A       95%         2
 Call Imp                 Summ           0%         N/A       95%         2
 Cigotuvi's Dreadful Rot  Necr/Alch/Air  0%         N/A       95%         2
 Ensorcelled Hibernation  Hex/Ice        0%         N/A       95%         2
 Jinxbite                 Hex            0%         N/A       95%         2
 Lesser Beckoning         Tloc           0%         N/A       95%         2
 Mercury Vapours          Alch/Air       0%         N/A       95%         2
 Searing Ray              Conj           0%         2d4       95%         2
 Static Discharge         Conj/Air       0%         3-3/arc   95%         2
 Sublimation of Blood     Necr           0%         N/A       95%         2
 Call Canine Familiar     Summ           0%         N/A       99%         3
 Confusing Touch          Hex            0%         N/A       99%         3
 Dazzling Flash           Conj/Hex       0%         N/A       99%         3
 Frozen Ramparts          Ice            0%         1d1       99%         3
 Fugue of the Fallen      Necr           0%         N/A       99%         3
 Gell's Gravitas          Tloc           0%         N/A       99%         3
 Hailstorm                Conj/Ice       0%         3d5       99%         3
 Inner Flame              Hex/Fire       0%         N/A       99%         3
 Mephitic Cloud           Conj/Alch/Air  0%         N/A       99%         3
 Ozocubu's Armour         Ice            0%         N/A       99%         3
 Passwall                 Erth           0%         N/A       99%         3
 Sigil of Binding         Hex            0%         N/A       99%         3
 Stone Arrow              Conj/Erth      0%         3d7       99%         3
 Summon Ice Beast         Ice/Summ       0%         N/A       99%         3
 Swiftness                Air            0%         N/A       99%         3
 Teleport Other           Tloc           0%         N/A       99%         3
 Tukima's Dance           Hex            0%         N/A       99%         3
 Vampiric Draining        Necr           0%         2d6       99%         3
 Volatile Blastmotes      Fire/Tloc      0%         2d10      99%         3
 Airstrike                Air            0%         2d(0-16)  100%        4
 Anguish                  Hex/Necr       0%         N/A       100%        4
 Animate Armour           Summ/Erth      0%         N/A       100%        4
 Animate Dead             Necr           0%         N/A       100%        4
 Brom's Barrelling Bould  Conj/Erth      0%         2d3       100%        4
 Cause Fear               Hex            0%         N/A       100%        4
 Dimensional Bullseye     Hex/Tloc       0%         N/A       100%        4
 Dispel Undead            Necr           0%         3d6       100%        4
 Flame Wave               Conj/Fire      0%         2d4       100%        4
 Fulminant Prism          Conj/Alch      0%         3d5       100%        4
 Ignite Poison            Fire/Alch      0%         N/A       100%        4
 Iskenderun's Mystic Bla  Conj/Tloc      0%         2d3       100%        4
 Leda's Liquefaction      Alch/Erth      0%         N/A       100%        4
 Manifold Assault         Tloc           0%         N/A       100%        4
 Olgreb's Toxic Radiance  Alch           0%         N/A       100%        4
 Passage of Golubria      Tloc           0%         N/A       100%        4
 Petrify                  Alch/Erth      0%         N/A       100%        4
 Sticky Flame             Fire/Alch      0%         2d4       100%        4
 Summon Blazeheart Golem  Fire/Summ      0%         N/A       100%        4
 Summon Lightning Spire   Summ/Air       0%         N/A       100%        4
 Vhi's Electric Charge    Tloc/Air       0%         N/A       100%        4
 Alistair's Intoxication  Alch           0%         N/A       100%        5
 Arcjolt                  Conj/Air       0%         1d10      100%        5
 Borgnjor's Vile Clutch   Necr/Erth      0%         N/A       100%        5
 Curse of Agony           Necr           0%         N/A       100%        5
 Fireball                 Conj/Fire      0%         3d3       100%        5
 Freezing Cloud           Conj/Ice/Air   0%         6-21      100%        5
 Irradiate                Conj/Alch      0%         3d11      100%        5
 Lee's Rapid Deconstruct  Erth           0%         3d4*      100%        5
 Metabolic Englaciation   Hex/Ice        0%         N/A       100%        5
 Silence                  Hex/Air        0%         N/A       100%        5
 Summon Forest            Summ/Tloc      0%         N/A       100%        5
 Summon Mana Viper        Hex/Summ       0%         N/A       100%        5
 Bombard                  Conj/Erth      0%         9d1       100%        6
 Conjure Ball Lightning   Conj/Air       0%         3x3d6     100%        6
 Death Channel            Necr           0%         N/A       100%        6
 Eringya's Noxious Bog    Alch           0%         4d6       100%        6
 Plasma Beam              Fire/Air       0%         2x1d10    100%        6
 Sculpt Simulacrum        Ice/Alch       0%         N/A       100%        6
 Starburst                Conj/Fire      0%         6d3       100%        6
 Summon Cactus Giant      Summ           0%         N/A       100%        6
 Enfeeble                 Hex            0%         N/A       100%        7
 Monstrous Menagerie      Summ           0%         N/A       100%        7
 Orb of Destruction       Conj           0%         9d5       100%        7
 Ozocubu's Refrigeration  Ice            0%         4d7       100%        7
 Spellforged Servitor     Conj/Summ      0%         N/A       100%        7
 Summon Hydra             Summ           0%         N/A       100%        7
 Discord                  Hex            0%         N/A       100%        8
 Disjunction              Tloc           0%         N/A       100%        8
 Ignition                 Fire           0%         3d3       100%        8
 Lehudib's Crystal Spear  Conj/Erth      0%         10d2      100%        8
 Maxwell's Capacitive Co  Air            0%         ∞         100%        8
 Death's Door             Necr           0%         N/A       100%        9
 Dragon's Call            Summ           0%         N/A       100%        9
 Polar Vortex             Ice            0%         N/A       100%        9
 Shatter                  Erth           0%         3d5*      100%        9


Dungeon Overview and Level Annotations

Branches:
Dungeon (15/15)            Temple (1/1) D:5            Lair (5/5) D:10
  Swamp (4/4) Lair:2        Snake (4/4) Lair:2        Slime (5/5) Lair:5
    Orc (2/2) D:10            Elf (3/3) Orc:2        Vaults (5/5) D:14
  Crypt (3/3) Vaults:2       Tomb (3/3) Crypt:3      Depths (4/4) D:15
   Hell (visited)             Dis (7/7) Hell            Geh (7/7) Hell
    Coc (7/7) Hell            Tar (7/7) Hell            Zot (5/5) Depths:4
  Sewer (visited)

Altars:
Ashenzari
Cheibriados
Dithmenos
Elyvilon
Fedhas
Gozag
Hepliaklqana
Kikubaaqudgha
Makhleb
Nemelex Xobeh
Okawaru
Qazlal
Ru
Sif Muna
Trog
Uskayaw
Vehumet
Wu Jian
Xom
Yredelemnul
Zin
The Shining One
Jiyva

Shops:
D:11 :   D:12 =   Orc:2 (*=**   Elf:3 *   Snake:3 [   Vaults:3 :   Depths:3 =

Portals:
Hell: Depths:1 Depths:2 Depths:3 Depths:4
Abyss: Depths:3 Depths:4
Pandemonium: Orc:2 Depths:2 Depths:3
Trove: Vaults:3 (give +3 shadow dragon scales)

Annotations:
Lair:4 exclusion: 2 oklob plants
Dis:7 Dispater


Innate Abilities, Weirdness & Mutations

You have a pair of horns on your head.
You reflexively headbutt those who attack you in melee.
You have sharp toenails.
You are partially covered in iridescent scales. (AC +2)
You are strong-willed. (Will+)
A frigid envelope surrounds you and freezes all who hurt you.
You are weak. (Str -2)
You expend magic power (3 MP) to strengthen your wands.


Message History

The bolt of cold hits you but does no damage.
You block Boris's attack. Boris completely misses you.
Boris points at you and mumbles some strange words.
The bolt of cold misses you.
You slash Boris! You headbutt Boris.
Boris is lightly damaged.
Your +9 spectral broad axe closely misses Boris.
You block Boris's attack. x2
You hit Boris but do no damage.
Boris is lightly damaged.
Your +9 spectral broad axe hits Boris!!
Boris conjures a glowing orb.
The wavering orb of destruction weakly hits your +9 spectral broad axe!!
Your spectral weapon shares its damage with you!
Your +9 spectral broad axe disappears.
You barely miss Boris.
Boris is moderately damaged.
Your +9 spectral broad axe hits Boris!
Boris gestures at you while chanting. The bolt of cold misses you.
You open Boris like a pillowcase!!! Your headbutt misses Boris.
Boris is heavily damaged.
Your +9 spectral broad axe hits Boris!
Boris conjures a glowing orb.
An orb of destruction comes into view.
You slash Boris! You headbutt Boris, but do no damage.
Boris is severely damaged.
Your +9 spectral broad axe hits Boris!!
You block Boris's attack. x2
You cut Boris into ribbons!!!
You destroy Boris!
The Shining One accepts your kill.
You feel better.
Your +9 spectral broad axe disappears.
The wavering orb of destruction hits you.
No target in view!
No target in view!
HP restored.
You see here a +0 scale mail.
There is a staircase leading out of the dungeon here.
You have escaped!

###....# #[#
##...†...# #....#
#.## #..#######
#....#
##..##########.##
#.... #....#
#...#####......#
#.... #....#
#.##...#####..##
#.... ######
#.##.....###..# #....
#.##........### #####
###.........## #
###...@.....## #
##.....♣...### #
##.........### #
####........##.# #
#.).###.....##.# #
#.#.#####...##.# #
####.#....#####...#
#...........###..####
#.#####.###...##....#


There were no monsters in sight!

Vanquished Creatures
  Cerebov (Pan)
  Antaeus (Coc:7)
  Asmodeus (Geh:7)
  the Royal Jelly (Slime:5)
  Gloorx Vloq (Pan)
  Ignacio (Pan)
  Mnoleg (Pan)
  the Serpent of Hell (Geh:7)
  Lom Lobon (Pan)
  A seraph (Pan)
  Khufu (Tomb:3)
  11 dread liches
  Mennas (Crypt:3)
  12 ancient liches
  Mara (Swamp:4)
  5 juggernauts
  3 orbs of fire
  15 royal mummies
  Parghit (Depths:4)
  Sojobo (Vaults:5)
  Boris (thrice) (Vaults:3 Vaults:4 D:1)
  5 Killer Klowns
  33 shard shrikes
  Vashnia (Snake:4)
  34 caustic shrikes
  Geryon (Hell)
  A curse toe (Zot:2)
  15 golden dragons
  A pearl dragon (Pan)
  28 bone dragons
  7 pandemonium lords
  6 profane servitors
  10 Brimstone Fiends
  2 electric golems
  14 Tzitzimimeh
  10 doom hounds
  7 iron giants
  11 hellephants
  2 shard shrike zombies
  2 spectral shard shrikes
  21 tentacled monstrosities
  2 walking earthen tomes
  21 Hell Sentinels
  An Orb Guardian (D:13)
  27 Ice Fiends
  11 tainted leviathans
  12 deep elf blademasters
  13 liches
  4 walking frostbound tomes
  14 acid blobs
  18 tentacled starspawn
  33 titans
  11 deep elf master archers
  8 quicksilver dragons
  An eldritch tentacle (Pan)
  14 searing wretches
  22 Executioners
  11 sphinxes
  A kraken (Abyss:5)
  5 death cobs
  29 ancient champions
  6 thorn hunters
  8 demonspawn warmongers (Pan)
  Donald (Vaults:4)
  14 daevas (Pan)
  12 tengu reavers
  14 shadow dragons
  8 storm dragons
  12 azure jellies
  9 draconian monks
  12 draconian shifters
  12 rockslimes
  21 protean progenitors
  4 fenstrider witches
  A fire giant (shapeshifter) (Zig:14)
  23 narguns
  5 revenants
  13 draconian knights
  3 nagarajas (Snake:4)
  14 iron dragons
  48 fire giants
  An emperor scorpion (Zig:9)
  40 balrugs
  An emperor scorpion (shapeshifter) (Zig:14)
  31 vault wardens
  3 deep elf elementalists
  10 quicksilver elementals
  6 deep elf sorcerers
  18 frost giants
  21 draconian scorchers
  5 curse skulls
  8 ghost moths
  2 spectral juggernauts
  13 shard shrike simulacra
  Louise (D:14)
  5 orc warlords
  35 very ugly things
  26 angels (Pan)
  10 ghouls
  23 draconian annihilators
  11 cacodemons
  A spectral caustic shrike (Tar:1)
  2 caustic shrike zombies
  A spriggan defender (Depths:3)
  2 stone giants (shapeshifter) (Zig:14)
  4 juggernaut skeletons
  15 ophanim (Pan)
  19 reapers
  2 demonspawn corrupters (Pan)
  4 broodmothers
  9 draconian stormcallers
  7 demonspawn blood saints (Pan)
  31 ironbound preservers
  12 green draconians
  8 ironbound thunderhulks
  7 formless jellyfish
  15 stone giants
  13 quicksilver oozes
  27 apis (Pan)
  23 elemental wellsprings
  6 eleionomae
  13 vampire knights
  3 caustic shrike skeletons (Pan)
  A rockslime zombie (Crypt:2)
  16 black draconians
  13 purple draconians
  12 demonspawn black suns (Pan)
  16 putrid mouths
  19 white draconians
  11 yellow draconians
  9 lorocyprocas (Pan)
  9 deep elf death magi
  6 deep elf demonologists
  30 war gargoyles
  8 deep elf annihilators
  11 red draconians
  20 bennus
  31 wendigos
  6 bunyips
  9 dire elephants
  Nessos (D:14)
  5 spark wasps
  Snorg (D:10)
  14 blizzard demons
  14 eidola
  4 ettins
  14 iron golems
  20 green deaths
  26 mummy priests
  Josephine (D:10)
  A crystal guardian (Vaults:4)
  8 fire dragons
  2 spectral golden dragons
  A spectral iron giant (Crypt:3)
  A spectral spriggan (Tar:2)
  2 kraken zombies (Hell)
  4 shambling mangroves
  An entropy weaver (Zig:9)
  16 jiangshi
  7 deep elf high priests
  10 salamander tyrants
  10 ice dragons
  14 rakshasas
  13 yaktaur captains
  4 ogre magi
  7 great orbs of eyes
  29 hydras
  3 spriggan zombies
  38 vault guards
  6 hell beasts
  13 anacondas
  13 caustic shrike simulacra
  A radroach (shapeshifter) (Zig:11)
  A peacekeeper (Vaults:4)
  A merfolk avatar (Lair:5)
  3 demonspawn (Orc:2)
  Erica (D:9)
  A jorogumo (shapeshifter) (Vaults:4)
  3 catoblepae
  11 centaur warriors
  11 ironbound frosthearts
  7 death knights
  A sphinx zombie (Zig:18)
  3 boulder beetles
  3 ghost crabs
  4 spriggan skeletons
  2 spriggan air magi
  33 dancing weapons
  10 stokers
  6 juggernaut simulacra
  5 radroaches
  3 spectral stone giants
  6 alligators
  4 satyrs
  10 two-headed ogres
  3 tengu warriors
  68 death scarabs
  6 deep troll earth magi
  3 deep troll shamans
  14 demonic crawlers
  12 naga warriors
  9 vampire magi
  5 shock serpents
  21 naga sharpshooters
  25 thrashing horrors
  14 hell hogs
  12 spriggan berserkers
  A sphinx skeleton (D:15)
  Urug (Orc:2)
  8 orc high priests
  29 soul eaters
  A spectral emperor scorpion (Tar:1)
  2 occultists
  A shock serpent (shapeshifter) (Zig:14)
  11 spriggans
  62 sun demons
  2 spectral dire elephants
  22 deep elf knights
  20 hell knights
  Amaemon (D:11)
  4 hellephant skeletons (Pan)
  A fire crab (shapeshifter) (Vaults:5)
  A titan skeleton (Tomb:3)
  2 death drakes
  10 crystal echidnas
  4 iron trolls
  A golden dragon zombie (Zig:8)
  5 salamander mystics
  A skyshark (Lair:5)
  A fire crab (Zig:4)
  19 sixfirhies (Pan)
  11 wretched stars
  62 skeletal warriors
  25 shadow wraiths
  A spectral anaconda (Tar:1)
  3 spatial maelstroms
  A pharaoh ant (Zig:9)
  A spriggan rider (Depths:2)
  2 anaconda zombies (Hell)
  13 shadow demons
  7 goliath frogs
  7 glowing orange brains
  12 swamp dragons
  53 deep trolls
  6 naga ritualists
  6 spriggan simulacra
  6 quicksilver dragon simulacra
  A sea snake (shapeshifter) (Depths:1)
  8 spriggan druids
  23 cherubim (Pan)
  7 sun moths (Pan)
  A mana viper (shapeshifter) (Vaults:5)
  A spectral iron dragon (Tar:6)
  14 flayed ghosts
  An orb spider (Zig:9)
  8 mana vipers
  10 arcanists
  5 orange crystal statues
  A deep troll (shapeshifter) (Depths:4)
  A spectral hydra (Tar:6)
  3 shadow dragon zombies
  4 obsidian statues
  24 deep elf archers
  4 harpies (Vaults:3)
  Pikel (D:9)
  13 orc knights
  2 oklob plants (Lair:4)
  A bunyip skeleton (Tomb:2)
  12 bog bodies
  5 lindwurms (Vaults:4)
  An anaconda skeleton (Crypt:2)
  11 necromancers
  A steelbarb worm (Zig:9)
  2 shadow dragon skeletons
  An eleionoma zombie (Crypt:1)
  54 starcursed masses
  33 deep elf pyromancers
  An alligator zombie (Crypt:2)
  20 ironbound convokers
  11 phantasmal warriors
  9 orc sorcerers
  25 deep elf zephyrmancers
  2 wolf spiders
  A spectral ettin (Tar:2)
  13 will-o-the-wisps
  13 salamanders
  47 ugly things
  2 manticores (Lair:5)
  3 worldbinders
  8 shining eyes
  4 kobold blastminers (Orc:2)
  A draconian skeleton (Crypt:2)
  9 cyclopes
  30 moths of wrath
  2 spectral centaurs
  25 black mambas
  A frost giant zombie (Depths:3)
  4 elephants
  A toenail golem (D:12)
  2 centaur zombies
  A meliai (shapeshifter) (D:15)
  A meliai (Zig:9)
  3 guardian serpents (Snake:4)
  52 smoke demons
  A spectral alligator snapping turtle (Tar:1)
  14 vault sentinels
  16 naga magi
  A goliath frog skeleton (Crypt:2)
  9 ice statues
  5 apocalypse crabs
  5 rust devils
  Joseph (D:7)
  2 black mambas (shapeshifter) (D:14)
  A fire giant skeleton (Zig:8)
  3 eyes of devastation
  7 torpor snails
  A mana viper zombie (Crypt:1)
  15 cane toads
  15 orange demons
  A gargoyle (D:14)
  7 titan simulacra
  2 alligator snapping turtle zombies
  2 centaur skeletons (D:15)
  23 hellions
  4 rime drakes
  5 ice devils
  8 komodo dragons
  18 ancient zymes
  51 large abominations
  45 yaktaurs
  6 efreet
  5 anaconda simulacra
  2 spectral nagas (Tar:1)
  18 freezing wraiths
  A bunyip simulacrum (Coc:2)
  3 golden dragon simulacra
  19 tormentors
  A silent spectre (Tar:7)
  A sea snake skeleton (Crypt:2)
  3 tengu conjurers
  9 red devils
  2 spectral harpies
  A merfolk (shapeshifter) (Zig:14)
  5 iron giant simulacra
  16 hellwings
  63 guardian mummies
  3 hydra zombies (Hell)
  14 hornets
  8 trolls
  A shadow dragon simulacrum (Coc:1)
  8 tyrant leeches
  6 polar bears
  A wind drake (Lair:5)
  15 raiju
  26 blink frogs
  2 hornets (shapeshifter)
  2 tarantellas (shapeshifter)
  Prince Ribbit (D:7)
  6 dream sheep (Lair:5)
  3 glass eyes
  4 snapping turtles
  A harpy (shapeshifter) (Vaults:5)
  A centaur simulacrum (D:15)
  Sigmund (D:2)
  2 stone giant simulacra
  A jumping spider (Zig:9)
  3 iron dragon simulacra
  94 slime creatures
  7 shadows
  12 ushabtiu
  2 wyverns
  An ettin skeleton (Tomb:3)
  9 water elementals
  7 air elementals
  7 dire elephant simulacra
  4 basilisks
  11 wraiths
  A black mamba skeleton (Crypt:1)
  2 naga simulacra
  22 yaks
  A human (shapeshifter) (Depths:1)
  21 ynoxinuls
  3 redbacks
  27 golden eyes
  4 fire elementals
  2 wargs (Orc:2)
  Grum (D:8)
  A sea snake simulacrum (Hell)
  2 steam dragons (Lair:5)
  20 neqoxecs
  22 chaos spawn
  48 nagas
  19 harpy simulacra
  14 vampire mosquitoes
  20 swamp worms
  4 spatial vortices (Abyss:5)
  4 hydra simulacra
  2 acid dragons
  21 water moccasins
  A fire bat skeleton (Crypt:2)
  A glowing shapeshifter skeleton (Zig:18)
  2 elephant zombies (Lair:4)
  39 orc warriors
  2 black bears
  A naga skeleton (Tomb:3)
  6 swamp drakes
  8 ogres
  A fire dragon simulacrum (Crypt:1)
  5 ice beasts
  6 ettin simulacra
  32 laughing skulls
  23 small abominations
  6 wolves
  4 boggarts (Vaults:4)
  4 lemures (D:9)
  15 centaurs
  7 kobold brigands
  4 weeping skulls
  A komodo dragon zombie (Lair:4)
  8 necrophages
  9 bullfrogs
  7 wights
  3 scorpions
  5 earth elementals
  4 burial acolytes (Crypt:3)
  5 killer bees (D:8)
  A polar bear skeleton (Crypt:1)
  A yak skeleton (Crypt:1)
  10 howler monkeys
  6 electric eels
  A crimson imp (Abyss:1)
  2 quasits (Abyss:1)
  A basilisk zombie (Lair:4)
  A gnoll bouda (D:7)
  12 jellies
  27 orc priests
  A hound (D:7)
  3 iguanas (D:6)
  2 iron imps
  2 sleepcaps (D:6)
  12 orc wizards
  12 hell rats
  An ogre zombie (Crypt:1)
  An ogre skeleton (Crypt:2)
  A boggart simulacrum (D:15)
  70 mummies
  5 adders
  14 gnolls
  2 river rats (Sewer)
  2 white imps
  15 ufetubi
  An adder skeleton (Crypt:1)
  2 dart slugs (D:1)
  7 ribbon worms
  57 orcs
  15 ball pythons
  9 endoplasms
  6 giant cockroaches
  7 goblins
  5 hobgoblins
  2 jackals (D:3)
  21 kobolds
  3 quokkas
  5 bats
  17 frilled lizards (D:1)
  A hobgoblin skeleton (Crypt:2)
  8 rats
  A rat skeleton (Crypt:2)
  8 aspiring fleshes
  3 creeping infernos
  23 fire vortices
  19 starspawn tentacles
  9 tentacles
4673 creatures vanquished.

Vanquished Creatures (collateral kills)
  Ereshkigal (Tar:7)
  An ancient lich (Tar:7)
  A royal mummy (Tomb:3)
  A golden dragon (Zig:20)
  A doom hound (Tar:7)
  2 bone dragons (Tar:7)
  A Tzitzimitl (Tar:7)
  4 Hell Sentinels
  A searing wretch (Geh:7)
  A daeva (Pan)
  A draconian shifter (Zig:19)
  2 ophanim (Pan)
  A black draconian (Zig:19)
  A green death (Zig:20)
  A mummy priest (Tomb:3)
  A hydra (Zig:20)
  3 death scarabs (Tomb:3)
  A spriggan (Zig:20)
  A shadow wraith (Tar:7)
  2 guardian mummies (Tomb:3)
  A hornet (Zig:20)
  A mummy (Tomb:3)
30 creatures vanquished.

Vanquished Creatures (others)
  A pandemonium lord (Zot:1)
  A hellephant (Geh:5)
  A deep elf blademaster (Zig:16)
  An ancient champion (Dis:7)
  3 fire giants
  A ghost moth (Zot:3)
  A shard shrike simulacrum (Coc:6)
  A draconian stormcaller (Zot:2)
  2 demonspawn blood saints (Pan)
  2 eleionomae
  A war gargoyle (Dis:7)
  A hydra (Zig:20)
  A catoblepas (Zig:11)
  2 juggernaut simulacra (Coc:7)
  An ogre mage (Vaults:5)
  2 caustic shrike simulacra
  A hell beast (Zig:16)
  An alligator (Zig:20)
  2 deep elf knights (Elf:2)
  A sun demon (Pan)
  A deep troll (Vaults:4)
  A quicksilver dragon simulacrum (Coc:7)
  A bog body (Swamp:3)
  A deep elf archer (Crypt:3)
  4 spriggan simulacra
  A spriggan druid (Zig:20)
  A deep elf zephyrmancer (Elf:2)
  4 will-o-the-wisps
  A smoke demon (Pan)
  3 titan simulacra
  2 tormentors
  A guardian mummy (Zig:18)
  An anaconda simulacrum (Coc:1)
  A golden dragon simulacrum (Coc:6)
  An iron giant simulacrum (Coc:7)
  4 bloated husks
  A hellwing (Pan)
  2 dire elephant simulacra
  A harpy simulacrum (Coc:6)
  A hydra simulacrum (Coc:3)
  An ettin simulacrum (Coc:3)
  A weeping skull (Crypt:3)
  2 naga simulacra
  A polar bear zombie (Crypt:1)
  A hell rat (Hell)
  3 ball lightnings (Pan)
  6 creeping infernos
  A fire vortex (Geh:5)
  107 foxfires
  3 lurking horrors
  144 spectral weapons
  28 starspawn tentacles
  10 tentacles
368 creatures vanquished.

Grand Total: 5071 creatures vanquished

Notes
Turn   | Place    | Note
-------+----------+-------------------------------------------
     0 | D:1      | Valamore the Minotaur Fighter began the quest for the Orb.
     0 | D:1      | Reached XP level 1. HP: 19/19 MP: 0/0
   110 | D:1      | Reached XP level 2. HP: 26/27 MP: 1/1
   377 | D:1      | Reached XP level 3. HP: 33/33 MP: 2/2
  1098 | D:2      | Noticed Sigmund
  1104 | D:2      | Killed Sigmund
  1105 | D:2      | Reached skill level 5 in Axes
  1105 | D:2      | Reached XP level 4. HP: 39/41 MP: 3/3
  1105 | D:2      | Reached XP level 5. HP: 45/47 MP: 4/4
  1141 | D:2      | Reached skill level 5 in Armour
  1169 | D:2      | Reached skill level 5 in Fighting
  1597 | D:3      | Reached XP level 6. HP: 56/56 MP: 5/5
  3009 | D:5      | Entered Level 5 of the Dungeon
  3050 | D:5      | Noticed an ice beast
  3061 | D:5      | Killed an ice beast
  3161 | D:5      | Reached XP level 7. HP: 59/62 MP: 6/6
  3187 | D:5      | Found a hazy altar of Hepliaklqana.
  3318 | D:5      | Found a glowing drain.
  3324 | Sewer    | Entered a sewer
  4114 | D:5      | Found a staircase to the Ecumenical Temple.
  4228 | Temple   | Entered the Ecumenical Temple
  4265 | Temple   | Became a worshipper of Warmaster Okawaru
  4420 | D:5      | Reached XP level 8. HP: 64/71 MP: 7/7
  4751 | D:5      | Found an ancient bone altar of Kikubaaqudgha.
  5134 | D:6      | Noticed a two-headed ogre
  5143 | D:6      | Killed a two-headed ogre
  5143 | D:6      | Reached * piety under Okawaru
  5143 | D:6      | Reached ** piety under Okawaru
  5144 | D:6      | Reached skill level 10 in Axes
  5144 | D:6      | Reached XP level 9. HP: 58/81 MP: 8/8
  5449 | D:6      | Noticed a cyclops
  5463 | D:6      | Noticed a two-headed ogre
  5466 | D:6      | Killed a cyclops
  5489 | D:6      | Killed a two-headed ogre
  5489 | D:6      | Reached *** piety under Okawaru
  6076 | D:7      | Noticed Prince Ribbit
  6087 | D:7      | Killed Prince Ribbit
  6211 | D:7      | Noticed Joseph
  6233 | D:7      | Killed Joseph
  6395 | D:7      | Reached XP level 10. HP: 50/91 MP: 9/9
  6535 | D:7      | Reached **** piety under Okawaru
  6686 | D:7      | Identified the +9 dagger "Zaghulij" {holy, *Noise rElec
                  | rPois Will++}
  7381 | D:8      | Noticed Grum
  7870 | D:8      | Killed Grum
  7871 | D:8      | Reached skill level 10 in Fighting
  7871 | D:8      | Reached skill level 10 in Armour
  8340 | D:9      | Noticed Erica
  8349 | D:9      | Killed Erica
  8450 | D:9      | Got Ereshkigal's Quarto of Sinister Liturgies
  8789 | D:9      | Noticed Pikel
  8803 | D:9      | Killed Pikel
  8932 | D:9      | Found a burning altar of Makhleb.
  8932 | D:9      | Found a sacrificial altar of Ru.
  8938 | D:9      | Found a bloodstained altar of Trog.
  8940 | D:9      | Found a snail-covered altar of Cheibriados.
  8942 | D:9      | Found a hide-covered altar of Uskayaw.
  9157 | D:10     | Entered Level 10 of the Dungeon
  9177 | D:10     | Reached skill level 1 in Dodging
  9179 | D:10     | Reached XP level 11. HP: 83/101 MP: 7/10
  9196 | D:10     | Noticed a two-headed ogre
  9199 | D:10     | Noticed Snorg
  9395 | D:10     | Killed Snorg
  9413 | D:10     | Reached ***** piety under Okawaru
  9432 | D:10     | Killed a two-headed ogre
  9456 | D:10     | Found a staircase to the Lair.
  9457 | D:10     | Noticed Josephine
  9464 | D:10     | Killed Josephine
  9477 | D:10     | Reached skill level 5 in Shields
  9656 | D:10     | Identified the +6 mace "Irrara" {venom, Str+3}
  9718 | D:10     | Found a staircase to the Orcish Mines.
  9870 | D:11     | Noticed a centaur warrior
  9883 | D:11     | Reached skill level 15 in Axes
  9883 | D:11     | Killed a centaur warrior
  9883 | D:11     | Received a gift from Okawaru
 10053 | D:11     | Noticed a centaur warrior
 10063 | D:11     | Killed a centaur warrior
 10169 | D:11     | Found Padeq's Book Boutique.
 10218 | D:11     | Noticed Amaemon
 10240 | D:11     | Killed Amaemon
 10292 | D:11     | Noticed a two-headed ogre
 10300 | D:11     | Killed a two-headed ogre
 10450 | D:11     | Noticed a two-headed ogre
 10459 | D:11     | Killed a two-headed ogre
 10459 | D:11     | Received a gift from Okawaru
 10720 | D:12     | Noticed a skeletal warrior
 10720 | D:12     | Noticed a skeletal warrior
 10747 | D:11     | Killed a skeletal warrior
 10748 | D:11     | Reached XP level 12. HP: 74/112 MP: 9/11
 10843 | D:12     | Noticed a boulder beetle
 10854 | D:12     | Killed a boulder beetle
 10855 | D:12     | Reached skill level 5 in Dodging
 11121 | D:12     | Found a broken altar of Ashenzari.
 11146 | D:12     | Received a gift from Okawaru
 11584 | D:12     | Found Qyhoasia's Jewellery Emporium.
 11834 | D:12     | Reached skill level 1 in Invocations
 11865 | D:12     | Noticed a boulder beetle
 11879 | D:12     | Killed a boulder beetle
 11880 | D:12     | Reached skill level 15 in Fighting
 12091 | D:13     | Noticed a two-headed ogre
 12101 | D:13     | Killed a two-headed ogre
 12114 | D:13     | Noticed a catoblepas
 12117 | D:13     | Noticed a rakshasa
 12121 | D:13     | Killed a catoblepas
 12121 | D:13     | Received a gift from Okawaru
 12177 | Lair:1   | Entered Level 1 of the Lair of Beasts
 12227 | Lair:1   | Identified the +9 mace "Killer Klown's Death" {flame,
                  | Str+3}
 12284 | Lair:1   | Reached skill level 5 in Invocations
 12615 | Lair:1   | Reached XP level 13. HP: 104/126 MP: 16/16
 12964 | Lair:1   | Received a gift from Okawaru
 13424 | Lair:2   | Found a staircase to the Snake Pit.
 13540 | Lair:2   | Found a frozen archway.
 13733 | Lair:2   | Found a staircase to the Swamp.
 14439 | Lair:3   | Reached skill level 10 in Invocations
 14615 | Lair:3   | Reached ****** piety under Okawaru
 14631 | Lair:3   | Acquired a +2 vampiric broad axe
 14631 | Lair:3   | Received a gift from Okawaru
 15535 | Lair:4   | Received a gift from Okawaru
 16689 | Lair:5   | Entered Level 5 of the Lair of Beasts
 16724 | Lair:5   | Received a gift from Okawaru
 16727 | Lair:5   | Reached XP level 14. HP: 135/135 MP: 21/21
 16770 | Lair:5   | Found a staircase to the Slime Pits.
 16770 | Lair:5   | Found a viscous altar of Jiyva.
 17023 | Lair:5   | Received a gift from Okawaru
 17314 | Lair:5   | Identified the +2 robe of the Vaults {rPois Dex-4 Archmagi}
 18400 | D:13     | You fall into a shaft and drop 2 floors!
 18400 | D:15     | Entered Level 15 of the Dungeon
 18454 | D:15     | Received a gift from Okawaru
 18777 | D:15     | Reached XP level 15. HP: 132/149 MP: 15/23
 18820 | D:15     | Found a staircase to the Depths.
 18861 | D:15     | Found an ornate altar of the Wu Jian Council.
 18874 | D:15     | Received a gift from Okawaru
 19384 | D:14     | Found a gate to the Vaults.
 19520 | D:14     | Reached skill level 10 in Shields
 19620 | D:14     | Noticed Nessos
 19642 | D:14     | Killed Nessos
 19645 | D:14     | Received a gift from Okawaru
 19649 | D:14     | Acquired a +2 hat
 19649 | D:14     | Received a gift from Okawaru
 19693 | D:14     | Noticed Louise
 19807 | Orc:1    | Entered Level 1 of the Orcish Mines
 20054 | Orc:2    | Entered Level 2 of the Orcish Mines
 20054 | Orc:2    | Found Inoorch's General Store.
 20178 | Orc:2    | Found Vapsy's General Store.
 20216 | Orc:2    | Found Meserig's General Store.
 20271 | Orc:2    | Noticed Urug
 20281 | Orc:2    | Killed Urug
 20321 | Orc:2    | Found a staircase to the Elven Halls.
 20792 | Orc:2    | Received a gift from Okawaru
 20802 | Orc:2    | Found Plog's Jewellery Shop.
 20802 | Orc:2    | Found Etwodwa's Antique Weapon Boutique.
 20803 | Orc:2    | Found a one-way gate leading to the halls of Pandemonium.
 21169 | Orc:2    | Bought the +11 gold dragon scales "Daatrus" {rPois rF+ rC+
                  | Will+ Int+3} for 2150 gold pieces
 21513 | D:13     | Reached skill level 15 in Shields
 21753 | D:14     | Killed Louise
 22183 | Orc:2    | Bought a +0 pair of boots of flying for 184 gold pieces
 22318 | Swamp:1  | Entered Level 1 of the Swamp
 22328 | Swamp:1  | Reached XP level 16. HP: 147/154 MP: 24/24
 22348 | Swamp:1  | Received a gift from Okawaru
 22401 | Swamp:1  | Found the +11 Singing Sword {sonic wave}
 22600 | Swamp:1  | Noticed a thorn hunter
 22623 | Swamp:1  | Killed a thorn hunter
 22996 | Swamp:2  | Received a gift from Okawaru
 23120 | Swamp:2  | Got the Tome of Ouranomancy and Chemistry
 23454 | Swamp:2  | Noticed a tentacled monstrosity
 23464 | Swamp:2  | Killed a tentacled monstrosity
 23666 | Swamp:3  | Noticed a thorn hunter
 23688 | Swamp:3  | Killed a thorn hunter
 23918 | Swamp:3  | Received a gift from Okawaru
 24021 | Swamp:3  | Noticed a thorn hunter
 24036 | Swamp:3  | Killed a thorn hunter
 24178 | Swamp:4  | Entered Level 4 of the Swamp
 24204 | Swamp:4  | Identified the +10 dagger "Daretel" {flame, +Blink rC++
                  | Dex+5}
 24479 | Swamp:4  | Noticed Mara
 24496 | Swamp:4  | Noticed Valamore's illusion
 24518 | Swamp:4  | Killed Mara
 24518 | Swamp:4  | Received a gift from Okawaru
 24677 | Swamp:4  | Reached XP level 17. HP: 116/163 MP: 25/25
 24733 | Swamp:4  | Received a gift from Okawaru
 24798 | Swamp:4  | Reached skill level 15 in Armour
 25018 | Swamp:4  | Got a decaying rune of Zot
 25249 | Snake:1  | Entered Level 1 of the Snake Pit
 25320 | Snake:1  | Received a gift from Okawaru
 26030 | Snake:2  | Received a gift from Okawaru
 26399 | Snake:2  | Received a gift from Okawaru
 26750 | Snake:3  | Found Zasogierch's Armour Emporium.
 26759 | Snake:3  | Bought a +2 cloak of willpower for 344 gold pieces
 26933 | Snake:3  | Received a gift from Okawaru
 27073 | Snake:3  | Found Riuneg's Gadget Gallery.
 27188 | Snake:3  | Reached XP level 18. HP: 166/176 MP: 26/26
 27584 | Snake:4  | Entered Level 4 of the Snake Pit
 27822 | Snake:4  | Received a gift from Okawaru
 27954 | Snake:4  | Noticed Vashnia
 28003 | Snake:4  | Killed Vashnia
 28044 | Snake:4  | Received a gift from Okawaru
 28056 | Snake:4  | Reached skill level 10 in Dodging
 28066 | Snake:4  | Got a serpentine rune of Zot
 28665 | Elf:1    | Entered Level 1 of the Elven Halls
 28693 | Elf:1    | Identified the +3 flail "Juolleg" {speed, Str+2 SInv}
 28706 | Elf:1    | Paralysed by an air elemental for 1 turns
 29367 | Elf:1    | Reached skill level 1 in Throwing
 29515 | Elf:1    | Got the Tome of the Compass and the Wendigo
 29599 | Elf:1    | Paralysed by an air elemental for 1 turns
 29602 | Elf:1    | Paralysed by an air elemental for 1 turns
 29928 | Elf:2    | Received a gift from Okawaru
 30242 | Elf:2    | Reached skill level 5 in Throwing
 30297 | Elf:2    | Found a runed translucent gate.
 30298 | Elf:2    | Found a runed translucent gate.
 30298 | Elf:2    | Found a runed translucent gate.
 30333 | Elf:2    | Reached XP level 19. HP: 133/185 MP: 20/27
 30363 | Elf:2    | Received a gift from Okawaru
 30718 | Elf:3    | Entered Level 3 of the Elven Halls
 30836 | Elf:3    | Paralysed by an air elemental for 1 turns
 31242 | Elf:3    | Found a transporter.
 31242 | Elf:3    | Found Exagef's General Store.
 31286 | Elf:3    | Found a transporter.
 31500 | Elf:3    | Noticed a Brimstone Fiend
 31503 | Elf:3    | Noticed a Brimstone Fiend
 31507 | Elf:3    | Noticed a Tzitzimitl
 31637 | Elf:3    | Received a gift from Okawaru
 31820 | Elf:3    | Identified the ring "Cademytz" {Str+4 Int-5 Dex+6}
 31829 | Elf:3    | Identified the amulet "Okhlumna" {Reflect rElec rCorr Dex-2
                  | SH+5}
 31840 | Elf:3    | Identified the +2 ring mail "Govag" {^Contam rC+ Will+
                  | Str+5}
 31891 | Elf:3    | Noticed a Tzitzimitl
 31944 | Elf:3    | Noticed a Tzitzimitl
 32038 | Elf:3    | Identified the +8 lajatang "Yghux" {flame, rPois rC+ Int+3
                  | Dex-4}
 32045 | Elf:3    | Received a gift from Okawaru
 32085 | Elf:3    | Identified the staff "Qaihiesh" {rElec rN+ Will+ Stlth+
                  | Summ Necro}
 32107 | Elf:3    | Identified the +4 dagger of Shrieking Terror {freeze, Fly
                  | Will+ Str+3}
 32145 | Elf:3    | Identified the +4 spear "Masch" {venom, rCorr Int+2 Stlth+}
 32145 | Elf:3    | Identified the ring "Cesad" {rElec EV+5}
 32200 | Elf:3    | Identified the +1 robe of Uskayaw, Transmuting {rN+ Int+6}
 32574 | Elf:3    | Bought a potion of curing for 57 gold pieces
 32574 | Elf:3    | Bought a potion of curing for 57 gold pieces
 32574 | Elf:3    | Bought a scroll of teleportation for 57 gold pieces
 32574 | Elf:3    | Bought a +0 broad axe for 76 gold pieces
 32705 | Orc:2    | Bought a potion of cancellation for 128 gold pieces
 32705 | Orc:2    | Bought a potion of might for 64 gold pieces
 32705 | Orc:2    | Bought a scroll of teleportation for 48 gold pieces
 32705 | Orc:2    | Bought a potion of curing for 48 gold pieces
 32705 | Orc:2    | Bought a condenser vane for 640 gold pieces
 32736 | Orc:2    | Bought 2 throwing nets for 96 gold pieces
 32736 | Orc:2    | Bought a scroll of fear for 64 gold pieces
 32765 | Orc:2    | Bought a scroll of enchant weapon for 90 gold pieces
 33189 | Vaults:1 | Entered Level 1 of the Vaults
 33266 | Vaults:1 | Reached skill level 10 in Throwing
 33613 | Vaults:1 | Received a gift from Okawaru
 33731 | Vaults:1 | Reached XP level 20. HP: 193/193 MP: 28/28
 34121 | Vaults:1 | Received a gift from Okawaru
 35148 | Vaults:2 | Found a staircase to the Crypt.
 35235 | Vaults:2 | Received a gift from Okawaru
 35520 | Vaults:2 | Received a gift from Okawaru
 36045 | Vaults:3 | Noticed Boris
 36058 | Vaults:3 | Killed Boris
 36107 | Vaults:3 | Identified the ring "Umoneruf" {rPois MP+9 Int+7 Dex+2
                  | Slay+3}
 36112 | Vaults:3 | Found Odooz's Book Emporium.
 36324 | Vaults:3 | Received a gift from Okawaru
 36550 | Vaults:3 | Reached XP level 21. HP: 206/206 MP: 29/29
 36735 | Vaults:3 | Found a huge runed translucent gate.
 36735 | Vaults:3 | Found a huge runed translucent gate.
 36735 | Vaults:3 | Found a huge runed translucent gate.
 36735 | Vaults:3 | Found a huge runed translucent gate.
 36735 | Vaults:3 | Found a huge runed translucent gate.
 36735 | Vaults:3 | Found a huge runed translucent gate.
 36736 | Vaults:3 | Found a huge runed translucent gate.
 36736 | Vaults:3 | Found a huge runed translucent gate.
 36736 | Vaults:3 | Found a huge runed translucent gate.
 36736 | Vaults:3 | Found a huge runed translucent gate.
 36736 | Vaults:3 | Found a huge runed translucent gate.
 36737 | Vaults:3 | Found a huge runed translucent gate.
 36738 | Vaults:3 | Found a huge runed translucent gate.
 36739 | Vaults:3 | Found a huge runed translucent gate.
 36740 | Vaults:3 | Found a huge runed translucent gate.
 36741 | Vaults:3 | Found a huge runed translucent gate.
 36741 | Vaults:3 | Found a huge runed translucent gate.
 36746 | Vaults:3 | Found a huge runed translucent gate.
 36747 | Vaults:3 | Found a huge runed translucent gate.
 36747 | Vaults:3 | Found a huge runed translucent gate.
 36747 | Vaults:3 | Found a huge runed translucent gate.
 36747 | Vaults:3 | Found a huge runed translucent gate.
 36749 | Vaults:3 | Found a huge runed translucent gate.
 36750 | Vaults:3 | Found a huge runed translucent gate.
 36752 | Vaults:3 | Found a huge runed translucent gate.
 36752 | Vaults:3 | Found a huge runed translucent gate.
 36756 | Vaults:3 | Found a huge runed translucent gate.
 36757 | Vaults:3 | Found a huge runed translucent gate.
 36758 | Vaults:3 | Found a huge runed translucent gate.
 36758 | Vaults:3 | Found a huge runed translucent gate.
 36964 | Vaults:3 | Found a huge runed translucent gate.
 36965 | Vaults:3 | Found a huge runed translucent gate.
 36966 | Vaults:3 | Found a huge runed translucent gate.
 36967 | Vaults:3 | Found a huge runed translucent gate.
 36967 | Vaults:3 | Found a huge runed translucent gate.
 36972 | Vaults:3 | Found a huge runed translucent gate.
 37012 | Vaults:3 | Found a portal to a secret trove of treasure.
 37088 | Vaults:3 | Received a gift from Okawaru
 37216 | Vaults:4 | Noticed Boris
 37235 | Vaults:4 | Killed Boris
 37540 | Vaults:4 | Received a gift from Okawaru
 37548 | Vaults:4 | Noticed Donald
 37558 | Vaults:4 | Killed Donald
 37603 | Vaults:4 | Found a flickering gateway to a bazaar.
 37613 | Bazaar   | Entered a bazaar
 37622 | Bazaar   | Found Osicapim's Jewellery Shop.
 37632 | Bazaar   | Found Haicefox's Distillery.
 37634 | Bazaar   | Found Zyset's Antique Armour Emporium.
 37641 | Bazaar   | Found Afaahig's Assorted Antiques.
 37646 | Bazaar   | Found Vururghe's Magic Scroll Boutique.
 37674 | Bazaar   | Bought the ring of Qaarugi {rC+ rN+} for 374 gold pieces
 37690 | Bazaar   | Bought a scroll of enchant weapon for 202 gold pieces
 37690 | Bazaar   | Bought a scroll of enchant weapon for 202 gold pieces
 37697 | Bazaar   | Bought a scroll of revelation for 127 gold pieces
 37702 | Bazaar   | Bought a scroll of fear for 108 gold pieces
 37826 | Vaults:4 | Found a transporter.
 37838 | Vaults:4 | Found a transporter.
 38269 | Vaults:4 | Identified the flux talisman "Zege" {rElec rF+}
 38301 | Vaults:4 | Received a gift from Okawaru
 38659 | Vaults:4 | Identified the amulet "Fufaum" {Acrobat Dex+8}
 38701 | Vaults:5 | Entered Level 5 of the Vaults
 38708 | Vaults:5 | Received a gift from Okawaru
 38711 | Vaults:5 | Identified the +6 war axe "Riawk" {speed, rPois Will+ SInv
                  | Stlth-}
 38806 | Vaults:5 | Identified the +7 whip "Goevvooco" {flame, rF+}
 38811 | Vaults:5 | Reached XP level 22. HP: 221/222 MP: 30/30
 38823 | Vaults:5 | Received a gift from Okawaru
 38853 | Vaults:5 | Identified the +0 robe of Pan-Flutes {Regen+ Slay+2}
 38887 | Vaults:5 | Identified the +2 leather armour of the Blue Skies {rElec
                  | MP+9 Int+3}
 38901 | Vaults:5 | Identified the ring of Inipamex {rC+ Int+3}
 38938 | Vaults:5 | Reached skill level 1 in Evocations
 39177 | Vaults:5 | Noticed Sojobo
 39186 | Vaults:5 | Paralysed by an air elemental for 1 turns
 39201 | Vaults:5 | Killed Sojobo
 39201 | Vaults:5 | Received a gift from Okawaru
 39320 | Vaults:5 | Noticed a golden dragon
 39332 | Vaults:5 | Killed a golden dragon
 39351 | Vaults:5 | Noticed a golden dragon
 39364 | Vaults:5 | Killed a golden dragon
 39437 | Vaults:5 | Identified the +2 war axe of Circular Logic {flame, rPois
                  | rCorr}
 39463 | Vaults:5 | Noticed an ancient lich
 39483 | Vaults:5 | Received a gift from Okawaru
 39507 | Vaults:5 | Reached skill level 5 in Evocations
 39517 | Vaults:5 | Killed an ancient lich
 39748 | Vaults:5 | Got a silver rune of Zot
 39898 | Vaults:5 | Got the Grimoire of Hapless Bedrock
 40373 | Vaults:5 | Identified the +0 leather armour of Vlad {Fly Stlth+}
 40375 | Vaults:5 | Got the Directory of Allies and Bodies
 40753 | Slime:1  | Entered Level 1 of the Pits of Slime
 40839 | Slime:1  | Paralysed by a formless jellyfish for 1 turns
 40845 | Slime:1  | Received a gift from Okawaru
 40889 | Slime:1  | Gained mutation: Your system is resistant to poisons.
                  | (rPois) [a shining eye]
 40890 | Slime:1  | Gained mutation: Your body sometimes deteriorates upon
                  | taking damage. [a shining eye]
 41341 | Slime:2  | Reached XP level 23. HP: 212/234 MP: 31/31
 41783 | Slime:4  | Paralysed by a formless jellyfish for 1 turns
 41877 | Slime:4  | Received a gift from Okawaru
 42269 | Slime:5  | Entered Level 5 of the Pits of Slime
 42346 | Slime:5  | Gained mutation: Your spells are a little easier to cast,
                  | but a little less powerful. [a shining eye]
 42378 | Slime:5  | Noticed the Royal Jelly
 42411 | Slime:5  | Killed the Royal Jelly
 42585 | Slime:5  | Identified the +6 glaive "Rasef" {drain, rPois Str+4}
 42632 | Slime:5  | Identified the +3 leather armour of the Gusle {Rampage
                  | rElec rN+++ Int-3}
 42634 | Slime:5  | Got a slimy rune of Zot
 42635 | Slime:5  | Identified the +2 demon trident of the Known World {elec,
                  | rElec Str+5}
 42658 | Slime:5  | Identified the +1 lajatang of Hepliaklqana's Wrath
                  | {antimagic, rPois Str+4 Dex-3 Stlth+}
 42664 | Slime:5  | Identified the ring of the Nightingale {rElec Str+7 SInv}
 42754 | Slime:5  | Identified the +0 chain mail of Subjectivity {Will+}
 42763 | Slime:5  | Identified the +3 glaive of Hospitality {flame, rF+ Dex+3}
 43160 | Depths:1 | Entered Level 1 of the Depths
 43190 | Depths:1 | Received a gift from Okawaru
 43291 | Depths:1 | Noticed a caustic shrike
 43311 | Depths:1 | Killed a caustic shrike
 43513 | Depths:1 | Found a hazy altar of Hepliaklqana.
 43579 | Depths:1 | Found a gateway to Hell.
 43703 | Depths:1 | Reached skill level 15 in Dodging
 43742 | Depths:1 | Identified a scroll of acquirement
 43760 | Depths:1 | Acquired the ring "Igoplyph" {Ice ^Drain rN++ Will++}
 43768 | Depths:1 | Identified the ring "Tobyceiw" {+Blink rF+ MP+9}
 43911 | Depths:1 | Received a gift from Okawaru
 44981 | Depths:2 | Found a glowing silver altar of Zin.
 45100 | Depths:3 | Reached XP level 24. HP: 245/245 MP: 31/31
 45105 | Depths:3 | Reached skill level 10 in Evocations
 45161 | Depths:3 | Noticed a juggernaut
 45180 | Depths:3 | Killed a juggernaut
 45180 | Depths:3 | Received a gift from Okawaru
 45218 | Depths:3 | Identified the staff of the Equator {^Fragile rElec rPois
                  | rF+ SInv Fire}
 45219 | Depths:3 | Identified the ring of Otacauj {Ice +Blink Str+2 Int+5
                  | Dex-3}
 45596 | Depths:3 | Found Lyduy's Jewellery Shoppe.
 45609 | Depths:3 | Bought the ring of the Magpie {rElec rF+ EV+5} for 1254
                  | gold pieces
 45641 | Depths:3 | Found a one-way gate to the infinite horrors of the Abyss.
 45654 | Depths:3 | Noticed a dread lich
 45670 | Depths:3 | Killed a dread lich
 45772 | Depths:3 | Received a gift from Okawaru
 45988 | Depths:3 | Found a one-way gateway to a ziggurat.
 45988 | Depths:3 | Noticed an ancient lich
 46001 | Depths:3 | Killed an ancient lich
 46264 | Depths:4 | Entered Level 4 of the Depths
 46347 | Depths:4 | Found a gate to the Realm of Zot.
 46401 | Depths:4 | Noticed Parghit
 46402 | Depths:4 | Noticed a juggernaut
 46420 | Depths:4 | Killed a juggernaut
 46436 | Depths:4 | Received a gift from Okawaru
 46438 | Depths:4 | Killed Parghit
 46530 | Depths:4 | Found a bloodstained altar of Trog.
 47020 | Depths:4 | Found a shimmering blue altar of Sif Muna.
 47157 | Zot:1    | Entered Level 1 of the Realm of Zot
 47367 | Zot:1    | Received a gift from Okawaru
 47532 | Zot:1    | Reached XP level 25. HP: 253/253 MP: 31/31
 47579 | Zot:1    | Identified the +1 ring mail "Biomal" {^Contam Fly Dex+8}
 48097 | Zot:2    | Acquired the +8 frozen axe "Frostbite" {freeze, freezing
                  | cloud, *Noise Fly rC+}
 48097 | Zot:2    | Found the +8 frozen axe "Frostbite" {freeze, freezing
                  | cloud, *Noise Fly rC+}
 48191 | Zot:2    | Received a gift from Okawaru
 49119 | Zot:3    | Received a gift from Okawaru
 49126 | Zot:3    | Noticed an orb of fire
 49140 | Zot:3    | Killed an orb of fire
 50280 | Zot:4    | Identified the +5 whip of Pestilence {heavy, rF- Str+6}
 50332 | Zot:4    | Acquired the +2 pair of boots of Bafoog {rElec rC++ Str+5}
 50350 | Zot:4    | Identified the maw talisman of Kessokhlyde {Will+ Slay+2}
 50518 | Zot:4    | Got the Textbook on Terra Firma
 50572 | Zot:4    | Noticed an orb of fire
 50587 | Zot:4    | Killed an orb of fire
 50587 | Zot:4    | Received a gift from Okawaru
 51274 | Zot:4    | Noticed an orb of fire
 51288 | Zot:4    | Gained mutation: You occasionally shout uncontrollably at
                  | your foes. [an orb of fire]
 51290 | Zot:4    | Killed an orb of fire
 51313 | Zot:4    | Reached skill level 15 in Throwing
 51691 | Depths:4 | Voluntarily entered the Abyss.
 51937 | Abyss:1  | Reached XP level 26. HP: 197/261 MP: 31/31
 52398 | Abyss:1  | Received a gift from Okawaru
 52565 | Depths:4 | Escaped the Abyss
 52635 | Depths:4 | Voluntarily entered the Abyss.
 52788 | Abyss:1  | Found a corrupted altar of Lugonu.
 52803 | Abyss:1  | Found a corrupted altar of Lugonu.
 53217 | Abyss:2  | Found a stormy altar of Qazlal.
 53416 | Abyss:3  | Found a runed translucent door.
 53441 | Abyss:3  | Found a corrupted altar of Lugonu.
 53455 | Abyss:3  | Found a corrupted altar of Lugonu.
 53455 | Abyss:3  | Found a corrupted altar of Lugonu.
 53497 | Abyss:3  | Noticed an ancient lich
 53504 | Abyss:3  | Killed an ancient lich
 53681 | Abyss:4  | Received a gift from Okawaru
 53745 | Abyss:4  | Found a corrupted altar of Lugonu.
 53772 | Abyss:4  | Got an abyssal rune of Zot
 53815 | Abyss:4  | Paralysed by an air elemental for 1 turns
 53985 | Depths:4 | Escaped the Abyss
 54524 | Snake:3  | Bought a lightning rod (4/4) for 720 gold pieces
 54524 | Snake:3  | Bought a wand of quicksilver (5) for 378 gold pieces
 54887 | Temple   | Fell from the grace of Okawaru
 54887 | Temple   | Became a worshipper of the Shining One
 55177 | Crypt:1  | Entered Level 1 of the Crypt
 55220 | Crypt:1  | Reached * piety under the Shining One
 55645 | Crypt:1  | You fall into a shaft and drop 1 floor!
 55689 | Crypt:1  | Reached ** piety under the Shining One
 55709 | Crypt:1  | Reached *** piety under the Shining One
 56162 | Crypt:2  | Reached **** piety under the Shining One
 56624 | Crypt:2  | Reached ***** piety under the Shining One
 56832 | Crypt:3  | Entered Level 3 of the Crypt
 56936 | Crypt:3  | Found a basalt altar of Yredelemnul.
 57056 | Crypt:3  | Reached ****** piety under the Shining One
 57123 | Crypt:3  | Identified the ring "Dite" {+Blink rPois rF+ rN+ Int+2}
 57136 | Crypt:3  | Identified the ring "Xyagu" {rN+ SInv}
 57302 | Crypt:3  | Reached XP level 27. HP: 270/270 MP: 32/32
 57320 | Crypt:3  | Found a staircase to the Tomb.
 57320 | Crypt:3  | Identified the +0 scale mail "Ygoyp Canec" {rElec rC+ Str+3
                  | Slay-6}
 57520 | Crypt:3  | Noticed Mennas
 57528 | Crypt:3  | Killed Mennas
 57539 | Crypt:3  | Found the +8 demon blade "Leech" {evervamp, Harm ^Drain
                  | rN+}
 57818 | Crypt:3  | Identified a +9 broad axe of holy wrath (a +9 vampiric
                  | broad axe blessed by the Shining One)
 57818 | Crypt:3  | Received a gift from the Shining One
 58183 | Zig:1    | Entered Level 1 of a ziggurat
 58195 | Zig:2    | Entered Level 2 of a ziggurat
 58205 | Zig:2    | Identified the +11 war axe of the Puffin {freeze, rElec
                  | rPois}
 58209 | Zig:3    | Entered Level 3 of a ziggurat
 58229 | Zig:4    | Entered Level 4 of a ziggurat
 58302 | Zig:5    | Entered Level 5 of a ziggurat
 58446 | Zig:6    | Entered Level 6 of a ziggurat
 58449 | Zig:6    | Found the +8 pair of quick blades "Gyre" and "Gimble"
                  | {protect}
 58459 | Zig:6    | Reached skill level 15 in Invocations
 58754 | Zig:7    | Entered Level 7 of a ziggurat
 58835 | Zig:8    | Entered Level 8 of a ziggurat
 59116 | Zig:8    | Identified the +7 halberd of the Protecting Ass {vamp,
                  | Str+4 Dex-4 Stlth+}
 59152 | Zig:9    | Entered Level 9 of a ziggurat
 59318 | Zig:9    | Got the Atlas of the Fey Fifth Circle
 59352 | Zig:10   | Entered Level 10 of a ziggurat
 59717 | Zig:10   | Identified the ring "Coix" {*Corrode Fly rPois AC+4 Int+3}
 59759 | Zig:11   | Entered Level 11 of a ziggurat
 59770 | Zig:11   | Noticed Ytywotz the pandemonium lord
 59770 | Zig:11   | Noticed Hacoobez the pandemonium lord
 59772 | Zig:11   | Found the +5 robe of Night {Dark Will+ SInv}
 59778 | Zig:11   | Killed Hacoobez the pandemonium lord
 59778 | Zig:11   | Killed Ytywotz the pandemonium lord
 59915 | Zig:11   | Identified the staff of Kolo {rPois rN+ Will+ Str+3 Necro
                  | Tloc}
 59956 | Zig:12   | Entered Level 12 of a ziggurat
 60224 | Zig:12   | Identified the staff of Harmony {Str+3 Summ Earth}
 60261 | Zig:13   | Entered Level 13 of a ziggurat
 60645 | Zig:13   | Got the Octavo of Guile and the Anticline
 60709 | Zig:14   | Entered Level 14 of a ziggurat
 60723 | Zig:14   | Found the +11 plutonium sword {^Contam Stlth-}
 60723 | Zig:14   | Noticed Helab the pandemonium lord
 60725 | Zig:14   | Found the +8 demon trident "Rift" {distort, reach+}
 60735 | Zig:14   | Killed Helab the pandemonium lord
 60985 | Zig:14   | Identified the +4 sling of Gackuanoe {flame, Str+5}
 60987 | Zig:14   | Got the Collected Works on Translocated Glamour
 61149 | Zig:15   | Entered Level 15 of a ziggurat
 61157 | Zig:15   | Noticed an ancient lich
 61159 | Zig:15   | Noticed a dread lich
 61159 | Zig:15   | Noticed a dread lich
 61159 | Zig:15   | Noticed an ancient lich
 61162 | Zig:15   | Killed an ancient lich
 61162 | Zig:15   | Killed a dread lich
 61164 | Zig:15   | Killed an ancient lich
 61165 | Zig:15   | Killed a dread lich
 61198 | Zig:15   | Identified the +7 dagger of the Puffball {flame, rF+ Will++
                  | Int+2 Dex-4}
 61199 | Zig:15   | Identified the +0 long sword of Duty {spect, *Corrode rF-
                  | Str+4 Dex+6}
 61209 | Zig:15   | Acquired a manual of Axes
 61214 | Zig:15   | Identified the +4 hand axe of the Final Decision {venom,
                  | Dex+6}
 61266 | Zig:16   | Entered Level 16 of a ziggurat
 61521 | Zig:16   | Found the crystal ball of Wucad Mu {*channel}
 61525 | Zig:16   | Found the ring of the Mage {Wiz Archmagi}
 61644 | Zig:17   | Entered Level 17 of a ziggurat
 61693 | Zig:17   | Found the +10 morningstar "Eos" {elec, Halo rElec}
 61693 | Zig:17   | Found the +8 longbow "Zephyr" {speed, Dex+3 SInv}
 61696 | Zig:17   | Gained mutation: You are clumsy. (Dex -2) [a neqoxec]
 61697 | Zig:17   | Gained mutation: Your spells are easier to cast, but less
                  | powerful. [a neqoxec]
 61811 | Zig:17   | Was forgiven by Okawaru
 62049 | Zig:17   | Identified the +5 mace of the Egg {venom, Str+2}
 62054 | Zig:17   | Identified the ring of Vehumet's Reproof {Str+6 Int-2 Dex+4
                  | SInv}
 62056 | Zig:17   | Identified the staff of Wackageoxe {rCorr Conj}
 62057 | Zig:17   | Identified the +0 sling "Buann" {speed, ^Drain rF+ rC+
                  | Dex+3}
 62111 | Zig:18   | Entered Level 18 of a ziggurat
 62125 | Zig:18   | Noticed a royal mummy
 62126 | Zig:18   | Noticed a royal mummy
 62133 | Zig:18   | Killed a royal mummy
 62143 | Zig:18   | Killed a royal mummy
 62222 | Zig:18   | Identified the +4 dagger of the Little People {vamp, *Rage
                  | rElec rC+}
 62228 | Zig:18   | Identified the +6 lajatang of Perversion {flame, rElec rC++
                  | Int+2 Dex+2}
 62230 | Zig:18   | Identified the amulet of Xaivum {Faith rCorr Stlth+}
 62299 | Zig:19   | Entered Level 19 of a ziggurat
 62729 | Zig:20   | Entered Level 20 of a ziggurat
 62749 | Zig:20   | Found the +2 cloak of the Thief {*Fog Slay-2 SInv Stlth+}
 62782 | Zig:20   | Found the +8 whip "Snakebite" {venom, curare, rPois}
 63160 | Depths:3 | Lost mutation: Your system is resistant to poisons. (rPois)
                  | [potion of mutation]
 63160 | Depths:3 | Lost mutation: You are clumsy. (Dex -2) [potion of
                  | mutation]
 63160 | Depths:3 | Lost mutation: You occasionally shout uncontrollably at
                  | your foes. [potion of mutation]
 63160 | Depths:3 | Gained mutation: You are clumsy. (Dex -2) [potion of
                  | mutation]
 63160 | Depths:3 | Lost mutation: You are clumsy. (Dex -2) [potion of
                  | mutation]
 63162 | Pan      | Entered Pandemonium
 63357 | Pan      | Found a transporter.
 63717 | Pan      | Found a glowing silver altar of Zin.
 64906 | Pan      | Identified the ring "Pyntajoe" {Fly rElec rCorr EV+5
                  | Slay-6}
 64906 | Pan      | Noticed a seraph
 64922 | Pan      | Killed a seraph
 64928 | Pan      | Identified the +3 buckler of the Northern Lights {rCorr
                  | Slay+5}
 64938 | Pan      | Found a glowing golden altar of the Shining One.
 64959 | Pan      | Got a demonic rune of Zot
 64960 | Pan      | Identified the +5 short sword of Anguish {vamp, Dex+5}
 64964 | Pan      | Got the Reference Book on Planar Gases
 64967 | Pan      | Got the Precepts of Amathomancy
 65608 | Pan      | Identified the +0 tower shield of the Chimera {Fly rN+
                  | Will- Str+6}
 66812 | Pan      | Noticed Yjuokkog the pandemonium lord
 66818 | Pan      | Killed Yjuokkog the pandemonium lord
 66842 | Pan      | Gained mutation: You sometimes lose your temper in combat.
                  | [a neqoxec]
 66951 | Pan      | Entered the realm of Lom Lobon.
 67005 | Pan      | Noticed Lom Lobon
 67014 | Pan      | Killed Lom Lobon
 67022 | Pan      | Got a magical rune of Zot
 67181 | Pan      | Noticed Ignacio
 67189 | Pan      | Killed Ignacio
 67419 | Pan      | Noticed Vezataha the pandemonium lord
 67430 | Pan      | Killed Vezataha the pandemonium lord
 67436 | Pan      | Lost mutation: You sometimes lose your temper in combat.
                  | [potion of mutation]
 67436 | Pan      | Lost mutation: Your spells are easier to cast, but less
                  | powerful. [potion of mutation]
 67436 | Pan      | Lost mutation: Your spells are a little easier to cast, but
                  | a little less powerful. [potion of mutation]
 67436 | Pan      | Gained mutation: Your spells are a little easier to cast,
                  | but a little less powerful. [potion of mutation]
 67436 | Pan      | Lost mutation: Your body sometimes deteriorates upon taking
                  | damage. [potion of mutation]
 67436 | Pan      | Gained mutation: You have a pair of large horns on your
                  | head. [potion of mutation]
 67449 | Pan      | Identified the +7 battleaxe of Dithmenos, Enchanting
                  | {freeze, *Corrode Int+8 Dex+4}
 67487 | Pan      | Noticed Huwuir the pandemonium lord
 67489 | Pan      | Gained mutation: You are clumsy. (Dex -2) [a neqoxec]
 67502 | Pan      | Killed Huwuir the pandemonium lord
 67727 | Pan      | Entered the realm of Cerebov.
 67973 | Pan      | Identified the ring "Nuin" {AC+4 Int+2}
 67987 | Pan      | Identified the ring of Dithmenos's Generosity {rF+ Int+6
                  | Dex-5 SInv}
 67990 | Pan      | Identified the +1 rapier of a bailey {drain, MP+9}
 68083 | Pan      | Found the +6 sword of Cerebov {flame}
 68083 | Pan      | Noticed Cerebov
 68104 | Pan      | Killed Cerebov
 68111 | Pan      | Identified the staff of Sloth {rF+ rN+ Str+5 Int+3 Fire}
 68146 | Pan      | Identified the +0 storm dragon scales of the Bull {rElec
                  | Dex+5}
 68160 | Pan      | Identified the +1 orcbow of the Shining Light {freeze, rF+
                  | rN+ Str-3 Int+3}
 68188 | Pan      | Got a fiery rune of Zot
 68535 | Pan      | Entered the realm of Gloorx Vloq.
 68563 | Pan      | Found an exit through the horrors of the Abyss.
 68995 | Pan      | Noticed Gloorx Vloq
 69003 | Pan      | Killed Gloorx Vloq
 69039 | Pan      | Got a dark rune of Zot
 69155 | Pan      | Found an exit through the horrors of the Abyss.
 69378 | Pan      | Entered the realm of Mnoleg.
 69525 | Pan      | Gained mutation: You occasionally lose the ability to drink
                  | potions when taking damage. [a cacodemon]
 69536 | Pan      | Noticed Mnoleg
 69544 | Pan      | Gained mutation: You are frail. (-10% HP) [a cacodemon]
 69551 | Pan      | Killed Mnoleg
 69572 | Pan      | Got a glowing rune of Zot
 69576 | Pan      | Lost mutation: You occasionally lose the ability to drink
                  | potions when taking damage. [potion of mutation]
 69576 | Pan      | Lost mutation: You are clumsy. (Dex -2) [potion of
                  | mutation]
 69576 | Pan      | Gained mutation: You are clumsy. (Dex -2) [potion of
                  | mutation]
 69576 | Pan      | Gained mutation: Your skin changes colour to match your
                  | surroundings (Stealth+). [potion of mutation]
 69577 | Pan      | Lost mutation: You are clumsy. (Dex -2) [potion of
                  | mutation]
 69577 | Pan      | Lost mutation: Your spells are a little easier to cast, but
                  | a little less powerful. [potion of mutation]
 69577 | Pan      | Lost mutation: Your skin changes colour to match your
                  | surroundings (Stealth+). [potion of mutation]
 69577 | Pan      | Gained mutation: You have sharp toenails. [potion of
                  | mutation]
 69577 | Pan      | Gained mutation: You are vulnerable to heat. (rF-) [potion
                  | of mutation]
 69578 | Pan      | Lost mutation: You have sharp toenails. [potion of
                  | mutation]
 69578 | Pan      | Lost mutation: You are frail. (-10% HP) [potion of
                  | mutation]
 69578 | Pan      | Gained mutation: You have sharp toenails. [potion of
                  | mutation]
 69578 | Pan      | Gained mutation: Your spells are a little easier to cast,
                  | but a little less powerful. [potion of mutation]
 69578 | Pan      | Gained mutation: You expend magic power (3 MP) to
                  | strengthen your wands. [potion of mutation]
 69579 | Pan      | Lost mutation: You have sharp toenails. [potion of
                  | mutation]
 69579 | Pan      | Lost mutation: You are vulnerable to heat. (rF-) [potion of
                  | mutation]
 69579 | Pan      | Lost mutation: You expend magic power (3 MP) to strengthen
                  | your wands. [potion of mutation]
 69579 | Pan      | Gained mutation: Your flesh is heat resistant. (rF+)
                  | [potion of mutation]
 69579 | Pan      | Gained mutation: You are partially covered in iridescent
                  | scales. (AC +2) [potion of mutation]
 69679 | Pan      | Gained mutation: You sometimes lose your temper in combat.
                  | [a neqoxec]
 69686 | Pan      | Lost mutation: You sometimes lose your temper in combat.
                  | [potion of mutation]
 69686 | Pan      | Lost mutation: Your flesh is heat resistant. (rF+) [potion
                  | of mutation]
 69686 | Pan      | Gained mutation: You are weak. (Str -2) [potion of
                  | mutation]
 69686 | Pan      | Gained mutation: You have hidden genetic potential. [potion
                  | of mutation]
 69686 | Pan      | Gained mutation: You are dopey. (Int -2) [potion of
                  | mutation]
 69721 | Pan      | Found a transporter.
 69741 | Pan      | Found a transporter.
 69748 | Pan      | Identified the +1 helmet of Watchfulness {Int+3 Dex-4
                  | Slay+6 SInv}
 69832 | Pan      | Identified the ring of Foolhardiness {+Blink rC+ Will+
                  | Int+6}
 69848 | Pan      | Identified the +3 ring mail of the Valley of Death {Int+4}
 70454 | Pan      | Found an exit through the horrors of the Abyss.
 71070 | Pan      | Took an exit into the Abyss.
 71070 | Abyss:5  | Escaped into the Abyss
 71070 | Abyss:5  | Noticed an ancient lich
 71070 | Abyss:5  | Found a corrupted altar of Lugonu.
 71076 | Abyss:5  | Killed an ancient lich
 71086 | Abyss:5  | Found a burning altar of Makhleb.
 71119 | Depths:3 | Escaped the Abyss
 71205 | Hell     | Entered the Vestibule of Hell
 71205 | Hell     | Noticed Geryon
 71219 | Hell     | Killed Geryon
 71302 | Hell     | Found a gateway to the decaying netherworld of Tartarus.
 71397 | Hell     | Found a gateway to the freezing wastes of Cocytus.
 71527 | Hell     | Found a gateway to the Iron City of Dis.
 71580 | Hell     | Found a gateway to the ashen valley of Gehenna.
 72180 | Snake:3  | Bought a box of beasts for 720 gold pieces
 72180 | Snake:3  | Bought a phantom mirror for 720 gold pieces
 72560 | Geh:1    | Entered Level 1 of Gehenna
 72617 | Geh:1    | Identified the +5 short sword of Vuphiese {venom, Str+3
                  | Dex+3}
 73083 | Geh:3    | Noticed a dread lich
 73097 | Geh:3    | Killed a dread lich
 73101 | Geh:3    | Noticed a dread lich
 73105 | Geh:3    | Killed a dread lich
 73107 | Geh:3    | Noticed a dread lich
 73107 | Geh:3    | Noticed a dread lich
 73111 | Geh:3    | Noticed a dread lich
 73112 | Geh:3    | Noticed a dread lich
 73115 | Geh:3    | Killed a dread lich
 73117 | Geh:3    | Killed a dread lich
 73118 | Geh:3    | Noticed a dread lich
 73118 | Geh:3    | Noticed a dread lich
 73126 | Geh:3    | Killed a dread lich
 73128 | Geh:3    | Killed a dread lich
 73130 | Geh:3    | Killed a dread lich
 73148 | Geh:3    | Killed a dread lich
 73160 | Geh:3    | Gained mutation: Your skin changes colour to match your
                  | surroundings (Stealth+). [hidden potential]
 73234 | Geh:5    | Lost intelligence.
 73776 | Geh:7    | Entered Level 7 of Gehenna
 74330 | Geh:7    | Noticed the Serpent of Hell
 74340 | Geh:7    | Killed the Serpent of Hell
 74878 | Geh:7    | Found the +13 sceptre of Asmodeus
 74878 | Geh:7    | Noticed Asmodeus
 74900 | Geh:7    | Killed Asmodeus
 74939 | Geh:7    | Got an obsidian rune of Zot
 75140 | Tar:1    | Entered Level 1 of Tartarus
 76143 | Tar:4    | Reached skill level 15 in Evocations
 76441 | Tar:5    | Noticed an ancient lich
 76449 | Tar:5    | Killed an ancient lich
 76459 | Tar:5    | Gained mutation: You are agile. (Dex +4, Str/Int -1)
                  | [hidden potential]
 76459 | Tar:5    | Lost mutation: You have hidden genetic potential. [hidden
                  | potential expressed]
 76635 | Tar:5    | You fall into a shaft and drop 1 floor!
 76660 | Tar:7    | Entered Level 7 of Tartarus
 76941 | Tar:7    | Noticed an ancient lich
 76951 | Tar:7    | Killed an ancient lich
 77178 | Tar:7    | Noticed an ancient lich
 77195 | Tar:7    | Killed an ancient lich
 77511 | Tar:7    | Noticed Ereshkigal
 77517 | Tar:7    | Paralysed by Ereshkigal for 3 turns
 77527 | Tar:7    | Killed Ereshkigal
 77564 | Tar:7    | Got a bone rune of Zot
 77613 | Tar:7    | Noticed an ancient lich
 77620 | Tar:7    | Killed an ancient lich
 77712 | Coc:1    | Entered Level 1 of Cocytus
 77720 | Coc:1    | Paralysed by a wendigo for 1 turns
 77886 | Coc:3    | Noticed an ancient lich
 77897 | Coc:3    | Killed an ancient lich
 77968 | Coc:4    | Reached skill level 27 in Throwing
 78006 | Coc:4    | Paralysed by a wendigo for 1 turns
 78086 | Coc:7    | Entered Level 7 of Cocytus
 78433 | Coc:7    | Paralysed by a wendigo for 1 turns
 78539 | Coc:7    | Paralysed by a wendigo for 1 turns
 78550 | Coc:7    | Paralysed by a wendigo for 1 turns
 79345 | Depths:3 | Voluntarily entered the Abyss.
 79443 | Abyss:5  | Found a corrupted altar of Lugonu.
 79487 | Abyss:5  | Paralysed by accursed screaming for 1 turns
 79631 | Depths:3 | Escaped the Abyss
 80591 | Coc:6    | Noticed an ancient lich
 80606 | Coc:6    | Killed an ancient lich
 80639 | Coc:6    | Paralysed by a wendigo for 1 turns
 81017 | Coc:7    | Paralysed by a wendigo for 1 turns
 81022 | Coc:7    | Paralysed by a wendigo for 1 turns
 81434 | Coc:7    | Noticed Antaeus
 81448 | Coc:7    | Killed Antaeus
 81456 | Coc:7    | Got an icy rune of Zot
 81459 | Coc:7    | Identified the staff "Itiec" {rN+ Int+2 Necro}
 81591 | Dis:1    | Entered Level 1 of the Iron City of Dis
 83645 | Dis:7    | Entered Level 7 of the Iron City of Dis
 84373 | Dis:7    | Noticed a juggernaut
 84380 | Dis:7    | Killed a juggernaut
 84405 | Dis:7    | Noticed a juggernaut
 84406 | Dis:7    | Noticed a juggernaut
 84414 | Dis:7    | Killed a juggernaut
 84416 | Dis:7    | Killed a juggernaut
 84434 | Dis:7    | Identified the ring of Ephemeral Luck {Ice rElec Int+3}
 84894 | Dis:7    | Noticed Dispater
 84931 | Dis:7    | Identified the ring "Barawum" {+Blink Fly rPois rC+}
 84935 | Dis:7    | Got an iron rune of Zot
 85051 | Dis:7    | Reached skill level 27 in Armour
 85519 | Crypt:2  | Reached skill level 27 in Fighting
 85596 | Tomb:1   | Entered Level 1 of the Tomb of the Ancients
 85599 | Tomb:1   | Noticed a royal mummy
 85697 | Tomb:1   | Reached skill level 27 in Axes
 85697 | Tomb:1   | Reached skill level 27 in Shields
 85700 | Tomb:1   | Reached skill level 27 in Dodging
 85701 | Tomb:1   | Reached skill level 27 in Invocations
 85810 | Tomb:1   | Noticed a royal mummy
 85818 | Tomb:1   | Killed a royal mummy
 86062 | Tomb:1   | Noticed a royal mummy
 86068 | Tomb:1   | Killed a royal mummy
 86816 | Tomb:2   | Noticed a royal mummy
 86818 | Tomb:2   | Reached skill level 1 in Unarmed Combat
 86820 | Tomb:2   | Noticed a royal mummy
 86862 | Tomb:2   | Reached skill level 27 in Evocations
 87151 | Tomb:2   | Lost mutation: Your skin changes colour to match your
                  | surroundings (Stealth+). [potion of mutation]
 87151 | Tomb:2   | Lost mutation: You are agile. (Dex +4, Str/Int -1) [potion
                  | of mutation]
 87151 | Tomb:2   | Lost mutation: You are weak. (Str -2) [potion of mutation]
 87151 | Tomb:2   | Lost mutation: You are dopey. (Int -2) [potion of mutation]
 87151 | Tomb:2   | Gained mutation: You have sharp toenails. [potion of
                  | mutation]
 87152 | Tomb:2   | Lost mutation: Your spells are a little easier to cast, but
                  | a little less powerful. [potion of mutation]
 87152 | Tomb:2   | Lost mutation: You have a pair of large horns on your head.
                  | [potion of mutation]
 87152 | Tomb:2   | Gained mutation: You are occasionally teleported next to
                  | monsters. [potion of mutation]
 87152 | Tomb:2   | Gained mutation: You are mostly covered in iridescent
                  | scales. (AC +4) [potion of mutation]
 87152 | Tomb:2   | Gained mutation: Your mind is acute. (Int +4, Str/Dex -1)
                  | [potion of mutation]
 87153 | Tomb:2   | Lost mutation: You are occasionally teleported next to
                  | monsters. [potion of mutation]
 87153 | Tomb:2   | Lost mutation: You are mostly covered in iridescent scales.
                  | (AC +4) [potion of mutation]
 87153 | Tomb:2   | Gained mutation: You are robust. (+10% HP) [potion of
                  | mutation]
 87153 | Tomb:2   | Gained mutation: You are mostly covered in iridescent
                  | scales. (AC +4) [potion of mutation]
 87153 | Tomb:2   | Gained mutation: You have razor-sharp toenails. [potion of
                  | mutation]
 87153 | Tomb:2   | Gained mutation: A frigid envelope surrounds you and
                  | freezes all who hurt you. [potion of mutation]
 87200 | Tomb:3   | Entered Level 3 of the Tomb of the Ancients
 87202 | Tomb:3   | Reached skill level 5 in Unarmed Combat
 87204 | Tomb:3   | Reached skill level 1 in Stealth
 87249 | Tomb:3   | Noticed a royal mummy
 87264 | Tomb:3   | Noticed a royal mummy
 87274 | Tomb:3   | Killed a royal mummy
 87275 | Tomb:3   | Noticed a royal mummy
 87284 | Tomb:3   | Killed a royal mummy
 87285 | Tomb:3   | Reached skill level 5 in Stealth
 87289 | Tomb:3   | Noticed a royal mummy
 87294 | Tomb:3   | Killed a royal mummy
 87294 | Tomb:3   | Killed a royal mummy
 87377 | Tomb:3   | Identified the ring "Tipho" {rPois rN+ rCorr Int+4}
 87388 | Tomb:3   | Identified the -1 pair of gloves "Tiumnym" {-Cast rN+++
                  | Regen+ Dex+3}
 87398 | Tomb:3   | Noticed a royal mummy
 87408 | Tomb:3   | Killed a royal mummy
 87416 | Tomb:3   | Identified the staff of Wyrd {*Slow rC+ Int+7 Conj Earth}
 87471 | Tomb:3   | Noticed Khufu
 87471 | Tomb:3   | Noticed a royal mummy
 87479 | Tomb:3   | Noticed a royal mummy
 87492 | Tomb:3   | Killed Khufu
 87494 | Tomb:3   | Killed a royal mummy
 87494 | Tomb:3   | Killed a royal mummy
 87495 | Tomb:3   | Reached skill level 10 in Unarmed Combat
 87505 | Tomb:3   | Noticed a royal mummy
 87517 | Tomb:3   | Killed a royal mummy
 87557 | Tomb:3   | Got a golden rune of Zot
 87662 | Tomb:2   | Noticed a royal mummy
 87669 | Tomb:2   | Gained mutation: You occasionally lose the ability to read
                  | scrolls when taking damage. [mutagenic glow]
 87677 | Tomb:2   | Killed a royal mummy
 87680 | Tomb:2   | Noticed a royal mummy
 87681 | Tomb:2   | Killed a royal mummy
 87681 | Tomb:2   | Killed a royal mummy
 87690 | Tomb:2   | Killed a royal mummy
 87702 | Tomb:2   | Lost mutation: Your mind is acute. (Int +4, Str/Dex -1)
                  | [mutagenic glow]
 87723 | Tomb:2   | Lost mutation: You are mostly covered in iridescent scales.
                  | (AC +4) [potion of mutation]
 87723 | Tomb:2   | Lost mutation: You have razor-sharp toenails. [potion of
                  | mutation]
 87723 | Tomb:2   | Lost mutation: You are robust. (+10% HP) [potion of
                  | mutation]
 87723 | Tomb:2   | Gained mutation: You are weak. (Str -2) [potion of
                  | mutation]
 87724 | Tomb:2   | Lost mutation: You occasionally lose the ability to read
                  | scrolls when taking damage. [potion of mutation]
 87724 | Tomb:2   | Lost mutation: You are weak. (Str -2) [potion of mutation]
 87724 | Tomb:2   | Gained mutation: You are weak. (Str -2) [potion of
                  | mutation]
 87724 | Tomb:2   | Gained mutation: You are strong-willed. (Will+) [potion of
                  | mutation]
 87724 | Tomb:2   | Gained mutation: You expend magic power (3 MP) to
                  | strengthen your wands. [potion of mutation]
 88309 | Zot:5    | Entered Level 5 of the Realm of Zot
 88309 | Zot:5    | Noticed a dread lich
 88309 | Zot:5    | Noticed an orb of fire
 88320 | Zot:5    | Got the Orb of Zot
 88332 | Zot:4    | Found the amulet of the Air {Inacc Air Fly rElec RMsl}
 88350 | Zot:4    | Noticed a seraph
 88438 | Zot:1    | Noticed Axaowerr the pandemonium lord
 88438 | Zot:1    | Noticed an ancient lich
 88441 | Zot:1    | Killed an ancient lich
 88441 | Zot:1    | Killed Axaowerr the pandemonium lord
 88716 | D:12     | Noticed Egucae the pandemonium lord
 88733 | D:12     | Killed Egucae the pandemonium lord
 88909 | D:1      | Noticed Boris
 88917 | D:1      | Killed Boris
 88948 | D:$      | Escaped with the Orb!

Illustrated notes

Levels and vault maps discovered:
D:1:      spicycebolla_green_bress_n_ham, layout_basic, minmay_lizard_pond
D:2:      layout_rooms, uniq_sigmund
D:3:      wander_river, layout_loops_ring
D:4:      layout_gridville, kennysheep_dice
D:5:      black_bear_nest_2, layout_loops_ring,
          mainiacjoe_overflow_large_starburst, minmay_temple_entry_nine_rooms,
          gup_sewer_entry_bubbles, serial_park_tiny_1
D:6:      layout_loops_ring, moated_statue, kennysheep_pointless_box,
          st_stairs_6, minmay_manual_monolith
D:7:      cheibrodos_quashed, layout_gridville, uniq_prince_ribbit1, uniq_joseph
D:8:      layout_loops_ring, uniq_grum
D:9:      layout_loops_cross, chequers_temple_overflow_minitemple, uniq_erica,
          uniq_pikel
D:10:     layout_rooms, lair_entry_dummy, uniq_snorg, uniq_josephine
D:11:     layout_irregular_city, serial_shops, nicolae_shop_behind_doors,
          uniq_amaemon
D:12:     layout_irregular_city, minmay_shop_enchanted_jewellery,
          ashenzari_altar_1
D:13:     orc_temple, layout_rooms
D:14:     layout_roguey, david_vaults_2, serial_park_square2, uniq_louise,
          uniq_nessos
D:15:     grunt_enter_depths_magical_seal, layout_loops_ring,
          serial_park_tiny_1, grunt_ministairs_3, nicolae_wu_jian_wuxing_cycle
Temple:   bh_familiar_temple
Lair:1:   layout_regular_city, grunt_megastairs_5, lemuel_fruit_fields
Lair:2:   layout_loops_ring, minmay_swamp_entry_eels,
          minmay_snake_entry_six_corridors, portal_ice_cave_entry_pillars_1,
          infiniplex_staircase_pool
Lair:3:   layout_concentric_octagons
Lair:4:   pond_and_an_island_with_a_cottage, layout_cave_pods, disabler_island
Lair:5:   gammafunk_lair_ancient_temple, layout_cave_pods,
          nicolae_slime_entry_slimehenge
Swamp:1:  layout_basic_swamp, evilmike_swamp_ruin_rubble_1
Swamp:2:  layout_falls_marsh, evilmike_swamp_ruin_house_2
Swamp:3:  layout_basic_swamp, evilmike_swamp_ruin_rubble_2
Swamp:4:  swamp_basic_johnstein, layout_basic_swamp,
          infiniplex_staircase_pool_2, uniq_mara
Snake:1:  layout_misc_corridors
Snake:2:  layout_onion, nicolae_twisty_statue_hallways
Snake:3:  layout_cave_town, serial_shops, shop, nicolae_shop_gadgets,
          nicolae_integral_box
Snake:4:  minmay_snake_end_coiled, layout_misc_corridors, uniq_vashnia
Slime:1:  layout_caves
Slime:2:  layout_caves
Slime:3:  layout_caves
Slime:4:  layout_caves
Slime:5:  slime_pit_nicolae_jellycorners
Orc:1:    layout_caves
Orc:2:    pf_orc_diabolical, layout_caves, serial_shops, shop, special_room,
          uniq_urug
Elf:1:    nicolae_elf_arrival_fired_up, layout_gridlike, evilmike_minifort,
          minmay_curled_crystal
Elf:2:    nicolae_elf_blades_crystal_corner, layout_loops_ring
Elf:3:    minmay_elf_hall_not_hex, layout_geoelf_diagonals, serial_shops,
          nicolae_shop_drivethru, small_chamber_with_monster,
          nicolae_elf_glass_and_crystal_pillar_2, minivault_16, minivault_26
Vaults:1: vaults_room_hallway, nicolae_vaults_cornered_office, v_misc_16,
          nicolae_vaults_border_crossing, nicolae_vaults_alarming,
          st_more_cells, vaults_mumra_hex, nicolae_vaults_little_squares_1,
          ontoclasm_vaults_ring_small, layout_vaults_omnigrid
Vaults:2: hangedman_vaults_slither, hangedman_vaults_impose,
          blue_anna_dwarven_crypt, vaults_room_grid,
          ontoclasm_vaults_ring_small, grunt_vaults_funnel,
          nicolae_vaults_closet_pinwheel_6, v_pattern_4, v_alt_pattern_1,
          vaults_dpeg_emergency_exit, layout_vaults_omnicross
Vaults:3: serial_ice_g, not_door_vault_due, v_misc_14,
          nicolae_vaults_trapezoid_3, v_misc_14, vaults_room_door_hall,
          hangedman_vaults_pinch, nicolae_vaults_circle_grid_a,
          vaults_mumra_lcd, nicolae_vaults_ninety_degrees, vaults_room_hallway,
          nicolae_vaults_spaceships, nicolae_vaults_house_1,
          nicolae_vaults_apartment_1, layout_vaults_omnibox, serial_shops,
          nicolae_shop_just_a_little_nook, enter_trove_3, uniq_boris
Vaults:4: gammafunk_sealed_arena, v_misc_9, v_misc_10, v_pattern_5,
          nicolae_vaults_angled_halls, nicolae_vaults_storage_closets_2,
          nicolae_vaults_heist, v_alt_pattern_6, ontoclasm_vaults_shuriken,
          nicolae_vaults_tetromino_L_1, vaults_dpeg_diagonal,
          nicolae_vaults_theta, grunt_vaults_focal, layout_vaults_maze_bifur,
          serial_shops, bzr_in_the_mist, uniq_donald
Vaults:5: uniq_sojobo
Crypt:1:  layout_gridlike, grunt_crypt_arrival_split
Crypt:2:  layout_chaotic_city, grunt_megastairs_3
Crypt:3:  grunt_crypt_end_deaths_head, uniq_mennas
Tomb:1
Tomb:2
Tomb:3
Depths:1: minmay_bad_star, layout_gridville, nicolae_hepliaklqana_hazy_memory,
          hell_entry, minmay_the_grid_square_5x5_3x3_mashed
          [minmay_the_grid_square_5x5_tie,
          minmay_the_grid_square_5x5_two_walls_a,
          minmay_the_grid_square_5x5_fancy_junction,
          minmay_the_grid_square_5x5_c,
          minmay_the_grid_square_5x5_megaprize_hollow,
          minmay_the_grid_square_5x5_longway,
          minmay_the_grid_square_5x5_two_small,
          minmay_the_grid_square_5x5_spiral, minmay_the_grid_square_5x5_n_small]
Depths:2: minmay_textured_paths, layout_gridville, zin_angel, serial_glass,
          glass_columns_b, glass_columns_a, glass_columns_a, glass_columns_c,
          glass_columns_a, hell_entry, pan_entry, infiniplex_staircase_zigzag_3
Depths:3: minmay_strange_plus, layout_gridlike, enter_ziggurat_c,
          abyss_entry_small_statue_room, roderic_serpentine_path, special_room
          [special_room_morgue], serial_shops, nicolae_shop_hallway_plus,
          hangedman_geh_valley, pan_entry, kennysheep_path_1
Depths:4: grunt_zot_entry_tricorne, layout_basic, abyss_entry,
          hellmonk_sif_muna_bookshelves, hell_entry, trog_three_pillars_becter,
          uniq_parghit, uniq_grunn
Hell
Dis:1:    layout_jigsaw
Dis:2:    nicolae_dis_heavy_security, layout_gridville
Dis:3:    layout_gridville, nicolae_dis_metal_dragon_surprise
Dis:4:    layout_gridville
Dis:5:    layout_overlapping_boxes, glass_columns_c, glass_columns_a
Dis:6:    layout_regular_city
Dis:7:    dis_grunt_layers
Geh:1:    layout_gehenna_pools_basic, minmay_fire_ice_demons
Geh:2:    layout_gehenna_pools_basic
Geh:3:    layout_gehenna_lava_caves, nicolae_hells_leichenhalle
Geh:4:    layout_gehenna_pools_box
Geh:5:    layout_gehenna_pools_triple
Geh:6:    layout_gehenna_pools_triple
Geh:7:    evilmike_geh
Coc:1:    layout_cocytus_delve
Coc:2:    layout_cocytus_water_paths
Coc:3:    layout_ice_bergs
Coc:4:    layout_cocytus_delve
Coc:5:    layout_cocytus_water_paths
Coc:6:    layout_ice_bergs
Coc:7:    coc_grunt_cove [coc_grunt_cove_antaeus, coc_grunt_cove_fiend,
          coc_grunt_cove_fiend, coc_grunt_cove_fiend, coc_grunt_cove_fiend]
Tar:1:    layout_cathedral_of_symmetry
Tar:2:    layout_catacombs, nicolae_tar_stay_or_leave
Tar:3:    layout_catacombs, nicolae_tar_grid_combs
Tar:4:    layout_honeycomb
Tar:5:    layout_catacombs
Tar:6:    layout_grid_maze
Tar:7:    tar_old
Zot:1:    layout_cathedral_of_symmetry, regret_index_zotdec_serpentine_scales
Zot:2:    layout_basic, regret_index_zotdec_silver_v_v_orig_slice
Zot:3:    layout_misc_corridors
Zot:4:    layout_gridlike, regret_index_zotdec_bone_old, nzn_random_ring
Zot:5:    layout_gridlike

Skill      XL: |  1  2  3  4  5  6  7  8  9 10 11 12 13 14 15 16 17 18 19 20 21 22 23 24 25 26 27 |
---------------+----------------------------------------------------------------------------------+-----
Axes           | 3 5 6 8 10 12 14 15 16 18 27 | 27.0
Fighting       | 4 5 6 7 9 10 11 15 17 18 19 20 21 24 25 26 27 | 27.0
Armour         | 4 5 6 7 9 10 11 12 14 16 18 20 22 24 27 | 27.0
Dodging        | 1 4 5 8 10 12 17 21 22 27 | 27.0
Shields        | 4 5 7 15 18 20 21 24 25 26 27 | 27.0
Invocations    | 6 11 12 14 27 | 27.0
Throwing       | 5 11 12 15 17 27 | 27.0
Evocations     | 6 9 12 27 | 27.0
Unarmed Combat | 12 | 12.3
Stealth        | 9 |  9.5

Action                     |  1- 3 |  4- 6 |  7- 9 | 10-12 | 13-15 | 16-18 | 19-21 | 22-24 | 25-27 || total
---------------------------+-------+-------+-------+-------+-------+-------+-------+-------+-------++-------
  Melee: War axe           |    72 |    63 |   272 |   585 |   201 |       |       |       |       ||  1193
         Headbutt          |     7 |     9 |    41 |   138 |   308 |   383 |   422 |   601 |  1659 ||  3568
         Broad axe         |       |       |       |       |   965 |  1294 |  1453 |  1732 |  4690 || 10134
         Mace              |       |       |       |       |    40 |    83 |       |       |       ||   123
  Throw: Dart              |       |       |     2 |     7 |       |       |       |       |       ||     9
         Boomerang         |       |       |       |       |    29 |       |       |       |       ||    29
         Javelin           |       |       |       |       |     8 |       |       |    12 |    27 ||    47
 Invoke: Heroism           |       |       |     2 |    14 |    15 |     7 |     8 |    12 |     9 ||    67
         Receive Weapon    |       |       |       |       |     1 |       |       |       |       ||     1
         Finesse           |       |       |       |       |     5 |     3 |     5 |     7 |     6 ||    26
         Receive Armour    |       |       |       |       |     1 |       |       |       |       ||     1
         Cleansing Flame   |       |       |       |       |       |       |       |       |   266 ||   266
         Summon Divine War |       |       |       |       |       |       |       |       |    16 ||    16
         Divine Shield     |       |       |       |       |       |       |       |       |    15 ||    15
         Brand Weapon With |       |       |       |       |       |       |       |       |     1 ||     1
  Evoke: Wand              |       |       |       |       |    35 |       |       |     1 |     5 ||    41
         Phantom mirror    |       |       |       |       |       |       |       |       |     2 ||     2
         Condenser vane    |       |       |       |       |       |       |       |       |     2 ||     2
    Use: Scroll            |     3 |     7 |     3 |     4 |    21 |     5 |    16 |     3 |    54 ||   116
         Potion            |     1 |       |     1 |     1 |     1 |       |     2 |     2 |    67 ||    75
   Stab: Distracted        |       |       |       |       |       |       |       |       |     8 ||     8
 Armour: Scale mail        |    40 |    20 |       |       |       |       |       |       |       ||    60
         Plate armour      |       |    23 |    68 |       |       |       |       |       |       ||    91
         Chain mail        |       |       |   145 |   434 |   885 |       |       |       |       ||  1464
         Gold dragon scale |       |       |       |       |    34 |   961 |   591 |   811 |  2087 ||  4484
         Skin              |       |       |       |       |       |       |       |       |   215 ||   215
  Dodge: Dodged            |    36 |    20 |    77 |   178 |   393 |   235 |   233 |   264 |  1176 ||  2612
  Block: Buckler           |    16 |    16 |    83 |   201 |   216 |       |       |       |       ||   532
         Reflection        |       |       |       |     8 |       |       |    69 |    49 |   236 ||   362
         Tower shield      |       |       |       |       |   336 |  1716 |  1530 |  1813 |  5467 || 10862
